 Dungeon Crawl Stone Soup version 0.31-a0-210-gccc998df9b (webtiles) character file.

Game seed: 8703040442601326637

482228 qw the Slayer (level 24, -3/154 HPs)
             Began as a Gargoyle Fighter on June 29, 2023.
             Was the Champion of Okawaru.
             Killed from afar by a starcursed mass (24 damage)
             ... with an accursed screaming
             ... on level 3 of the Abyss.
             The game lasted 00:36:47 (48052 turns).

qw the Slayer (Gargoyle Fighter)                   Turns: 48052, Time: 00:36:48

Health: -3/154     AC: 74    Str: 37      XL:     24   Next: 88%
Magic:  18/24      EV: 18    Int: 10 (12) God:    Okawaru [******]
Gold:   4096       SH: 31    Dex: 11 (12) Spells: 23/23 levels left

rFire   + . .        w - +9 broad axe (spect)
rCold   + + +        I - +7 tower shield "Rulu" {rPois rC+++ Str+3}
rNeg    + . .        g - +6 crystal plate armour "Laol" {rF+}
rPois   inf          b - +0 helmet "Saodae" {*Corrode Regen+ Str+3 Dex+3}
rElec   +            D - +2 cloak
rCorr   .            y - +2 pair of gloves
SInv    .            r - +2 pair of boots
Will    +....        o - amulet of faith Stlth
                     N - ring of Kehueteus {rPois AC+4 Str+4}
HPRegen 1.25/turn    e - +5 ring of evasion
MPRegen 0.19/turn

%: corrode self (3%), faith
@: about to teleport, heroic, finesse-ful, flying, unable to drink
A: sickness immunity, AC +18, big wings, negative energy resistance 1,
electricity resistance, torment resistance 1, petrification resistance, weak 1,
devolution 1, deterioration 1[+1], [frail 1], [low MP 2], [screaming 1], [no
potion heal 2], [inability to drink after injury 1]
}: 2/15 runes: barnacled, gossamer
a: Renounce Religion, Heroism, Finesse, Duel


You were on level 3 of the Abyss.
You worshipped Okawaru.
Okawaru was exalted by your worship.
You visited 8 branches of the dungeon, and saw 40 of its levels.
You visited the Abyss 2 times.
You visited 3 bazaars.
You also visited: Gauntlet and Desolation.

You collected 8664 gold pieces.
You spent 4568 gold pieces at shops.


Innate Abilities, Weirdness & Mutations

You are immune to sickness and miasma.
Your stone body is resilient. (AC +18)
You are immune to poison.
Your large and strong wings let you fly.
You resist negative energy. (rN+)
You are resistant to electric shocks. (rElec)
You are resistant to unholy torment.
You are immune to petrification.
You are weak. (Str -2)
You have hidden genetic defects.
[Your body often deteriorates upon taking damage.]
[You are frail. (-10% HP)]
[Your magical capacity is very low. (-20% MP)]
[You occasionally shout uncontrollably at your foes.]
[Potions cannot restore your health.]
[You occasionally lose the ability to drink potions when taking damage.]


   Skills:
 - Level 23.8(27) Fighting
 - Level 18.0(23.0) Axes
 + Level 11.5(16.5) Throwing
 - Level 22.0(27) Armour
 - Level 9.0(14.0) Dodging
 - Level 22.0(27) Shields
 - Level 10.0 Invocations


You had 23 spell levels left.
You didn't know any spells.
Your spell library was empty.

Inventory:

Hand Weapons
 w - a +9 spectral broad axe (weapon)
Missiles
 c - a silver javelin (quivered)
 q - 3 javelins
 t - 13 boomerangs
Armour
 b - the +0 helmet "Saodae" (worn) {*Corrode Regen+ Str+3 Dex+3}
   (You found it on level 7 of the Dungeon)

   Str:       It affects your strength (+3).
   Dex:       It affects your dexterity (+3).
   Regen:     It increases your rate of health regeneration.
   *Corrode:  It may corrode you when you take damage.
 g - the +6 crystal plate armour "Laol" (worn) {rF+}
   (Okawaru gifted it to you on level 2 of the Depths)

   rF:        It protects you from fire.
 r - a +2 pair of boots (worn)
 y - a +2 pair of gloves (worn)
 B - +0 acid dragon scales
 C - a scarf of resistance
 D - a +2 cloak (worn)
 I - the +7 tower shield "Rulu" (worn) {rPois rC+++ Str+3}
   (You bought it in a shop in a bazaar)

   Str:       It affects your strength (+3).
   rC:        It renders you almost immune to cold.
   rPois:     It protects you from poison.
Jewellery
 e - a +5 ring of evasion (right hand)
 l - the amulet of Oenomania {rPois Regen+ rCorr Str-2 Stlth+}
   (You found it in the Desolation of Salt)

   [amulet of regeneration]

   Str:       It affects your strength (-2).
   rPois:     It protects you from poison.
   Regen:     It increases your rate of health regeneration.
   rCorr:     It protects you from acid and corrosion.
   Stlth:     It makes you more stealthy.
 o - an amulet of faith (around neck)
 x - a ring of ice
 F - an amulet of reflection
 J - a ring of protection from fire
 N - the ring of Kehueteus (left hand) {rPois AC+4 Str+4}
   (You found it on level 4 of the Shoals)

   [ring of protection]

   AC:        It affects your AC (+4).
   Str:       It affects your strength (+4).
   rPois:     It protects you from poison.
Wands
 u - a wand of digging (24)
Scrolls
 a - a scroll of identify
 n - 14 scrolls of teleportation
Potions
 d - 7 potions of might
 f - 2 potions of resistance
 h - 2 potions of attraction
 i - 5 potions of cancellation
 j - 14 potions of curing
 k - 10 potions of mutation
 m - 4 potions of heal wounds
 p - 6 potions of enlightenment
 s - 8 potions of lignification
 z - 2 potions of magic
 A - 7 potions of haste

Dungeon Overview and Level Annotations

Branches:
Dungeon (15/15)            Temple (1/1) D:7            Lair (5/5) D:8
 Shoals (4/4) Lair:2       Spider (4/4) Lair:3        Slime (0/5) Lair:4
    Orc (2/2) D:12            Elf (0/3) Orc:2        Vaults (5/5) D:14
  Crypt (0/3) Vaults:2     Depths (4/4) D:15            Zot (0/5) Depths:4
Desolation (visited)      Gauntlet (visited)

Altars:
Ashenzari
Cheibriados
Dithmenos
Elyvilon
Fedhas
Gozag
Hepliaklqana
Kikubaaqudgha
Makhleb
Nemelex Xobeh
Okawaru
Qazlal
Ru
Sif Muna
Trog
Uskayaw
Vehumet
Wu Jian
Xom
Yredelemnul
Zin
The Shining One
Jiyva

Shops:
Orc:1 (   Orc:2 *([?   Shoals:3 =   Vaults:3 [   Vaults:4 **[   Depths:1 ==:

Portals:
Hell: Depths:1 Depths:2 Depths:3 Depths:4
Abyss: Depths:3
Pandemonium: Depths:1 Depths:2
Ziggurat: Depths:4

Annotations:
D:4 1 runed translucent door, qw's ghost, amateur DEHu
D:5 3 runed translucent doors, qw's ghost, novice DEHu
D:8 2 transporters, qw's ghost, novice DEHu
Lair:4 2 transporters, 1 runed translucent door
Lair:5 3 runed translucent doors, qw's ghost, journeyman GrHu


Message History

The starcursed mass shudders and is absorbed by its neighbour.
You slice the starcursed mass!!
The starcursed mass is almost destroyed.
Your +9 spectral broad axe hits the starcursed mass but does no damage.
The starflower tentacle-slaps you from afar!
Space warps horribly around you!!
Your body deteriorates!
You feel clumsy. You block the starflower's attack.
The starcursed mass touches you but does no damage.
A cacophony of accursed wailing tears at your sanity!
48048 ||| READING 15 scrolls of teleportation.
As you read the scroll of teleportation, it crumbles to dust.
You feel strangely unstable.
You feel the power of the Abyss delaying your translocation!
Your +9 spectral broad axe disappears.
A starcursed mass splits.
The wretched star pulses with an eldritch light!
You block the starcursed mass's attack. You block the starflower's attack.
The starflower completely misses you.
You hit the starcursed mass.
You destroy the starcursed mass!
Okawaru accepts your kill.
You slash the starcursed mass!
Your +9 spectral broad axe hits the starcursed mass!!
The starcursed mass shudders and withdraws towards its neighbour.
You feel the corruption within you wane somewhat.
Your urge to scream lessens.
Your body's shape seems more normal.
You lose the ability to drink potions when taking damage less often.
You feel stronger.
You feel robust.
Your +9 spectral broad axe disappears.
You block the starflower's attack. x2
There is a runelight here.
You slice the starcursed mass!!
You destroy the starcursed mass!
Okawaru accepts your kill.
You block the starflower's attack. x2 2 oklob plants come into view.
Found a runelight.
A cacophony of accursed wailing tears at your sanity!
You die...

# .##.#.#.###. #
#. #.#..#..
#.##.##.##......
# .#.#.....#.#
#.
.....(\.P#7#77
#. ........}}.}
.} # #P})'#### #
.##}'}#X#7#.#7 #
7.##@XX....# .
#}#PXXXP7#.. .
7.##*X#X#X.# ##
7.#7X7XXP7.7
#}##Xw#X#..# ..
Pw#7PX}.. ..
#XXX...\#
#7#.#7#P#}


You could see 16 starcursed masses, 3 starflowers, a tentacled starspawn, a
wretched star, 4 oklob plants and 2 starspawn tentacles.

Vanquished Creatures
  A dread lich (Vaults:4)
  An ancient lich (Vaults:5)
  Bai Suzhen (Spider:3)
  Saint Roka (Orc:2)
  4 golden dragons
  3 bone dragons
  A Tzitzimitl (Depths:2)
  A walking crystal tome (Depths:3)
  5 tentacled monstrosities
  4 liches
  A quicksilver dragon (Vaults:5)
  2 titans (Vaults:5)
  Gastronok (D:8)
  A walking frostbound tome (Depths:4)
  9 sphinxes
  8 shadow dragons
  A thorn hunter (Abyss:3)
  3 storm dragons
  5 tentacled starspawn (Abyss:3)
  4 tengu reavers
  A draconian monk (Depths:4)
  Ilsuiw (Shoals:4)
  Donald (Shoals:4)
  8 fire giants
  6 emperor scorpions
  2 deep elf sorcerers
  An imperial myrmidon (Desolation)
  8 frost giants
  4 iron dragons
  6 spectral juggernauts (Depths:2)
  19 vault wardens
  4 spectral caustic shrikes (Depths:2)
  Louise (Shoals:4)
  5 ghost moths
  2 angels (Vaults:4)
  5 spriggan defenders
  A formless jellyfish (shapeshifter) (Vaults:3)
  5 ghouls
  2 draconian annihilators (Depths:4)
  2 orc warlords (Vaults:3)
  A broodmother (Spider:4)
  6 formless jellyfish
  18 ironbound preservers
  4 war gargoyles
  7 vampire knights
  A black draconian (Depths:4)
  8 stone giants
  26 very ugly things
  An ophan (Abyss:3)
  4 ironbound thunderhulks
  2 white draconians (Depths:4)
  Nessos (D:12)
  A green draconian (Depths:4)
  A yellow draconian (Depths:4)
  2 deep elf annihilators (Vaults:5)
  7 dire elephants
  A minotaur (Gauntlet)
  4 halazid warlocks (Desolation)
  A deep elf demonologist (Vaults:5)
  Azrael (Orc:2)
  A red draconian (Depths:4)
  2 spark wasps (Spider:4)
  2 crystal guardians (Desolation)
  3 deep elf death magi
  11 ettins
  5 entropy weavers
  3 eidola (Depths:2)
  8 ragged hierophants (Desolation)
  Snorg (Lair:3)
  Josephine (D:12)
  A shambling mangrove (Abyss:3)
  12 merfolk impalers
  2 spectral quicksilver dragons (Depths:2)
  2 entropy weavers (shapeshifter) (D:14)
  8 fire dragons
  10 yaktaur captains
  7 merfolk javelineers
  A salamander tyrant (Depths:3)
  2 hell beasts (Depths:1)
  2 caustic shrike simulacra (Depths:2)
  3 great orbs of eyes
  2 spectral tengu (Depths:2)
  A hydra (Lair:5)
  6 rakshasas
  A deep elf high priest (Depths:4)
  12 ice dragons
  29 vault guards
  2 peacekeepers
  5 spriggan air magi
  2 juggernaut simulacra (Depths:2)
  An ogre mage (Vaults:2)
  4 catoblepae
  4 boulder beetles
  3 centaur warriors
  3 spectral shadow dragons (Depths:2)
  6 ironbound frosthearts
  A spectral frost giant (Depths:2)
  A jorogumo (Spider:4)
  A merfolk avatar (Shoals:4)
  A spectral sphinx (Depths:2)
  4 servants of whispers (Desolation)
  2 radroaches
  8 merfolk aquamancers
  A spectral stone giant (Depths:2)
  2 spectral fire giants (Depths:2)
  6 vampire magi
  4 satyrs
  9 two-headed ogres
  3 alligator snapping turtles
  9 deep troll shamans
  8 demonic crawlers
  A spriggan berserker (Depths:3)
  5 tengu warriors
  6 thrashing horrors (Abyss:3)
  7 deep troll earth magi
  Nergalle (D:10)
  23 death yaks (Lair:5)
  An orc high priest (Orc:2)
  8 hell knights
  A sun demon (Abyss:3)
  2 spectral storm dragons (Depths:2)
  8 iron trolls
  3 soul eaters
  7 wretched stars (Abyss:3)
  5 pharaoh ants
  A spectral spark wasp (Depths:2)
  5 skeletal warriors (D:12)
  6 skysharks
  3 spectral spriggans (Depths:2)
  2 sun moths (Spider:4)
  2 shadow demons (Abyss:3)
  52 deep trolls
  8 glowing orange brains
  8 sea snakes
  13 orb spiders
  3 death drakes (Depths:2)
  2 orange crystal statues (Depths:2)
  12 harpies
  6 steelbarb worms
  6 phantasmal warriors
  3 flayed ghosts
  A kraken simulacrum (Shoals:4)
  A spectral iron dragon (Depths:2)
  23 ironbound convokers
  10 wizards
  13 large abominations (Abyss:3)
  2 necromancers
  A deep elf pyromancer (D:11)
  2 spriggan simulacra (Depths:2)
  8 orc knights
  A lindwurm (Vaults:2)
  A steelbarb worm (shapeshifter) (D:14)
  25 wolf spiders
  13 fauns
  A mana viper (Abyss:3)
  5 orc sorcerers
  42 ugly things
  3 salamanders (Depths:3)
  10 cyclopes
  14 manticores
  24 elephants
  4 worldbinders (Abyss:3)
  A manticore (shapeshifter) (Vaults:5)
  A shining eye (shapeshifter) (Depths:2)
  An elephant (shapeshifter) (Vaults:5)
  Maurice (Orc:1)
  2 guardian serpents (Desolation)
  18 merfolk sirens
  2 moths of wrath
  5 black mambas
  24 vault sentinels
  7 water nymphs
  3 titan simulacra (Depths:2)
  5 torpor snails
  2 gargoyles (Gauntlet)
  2 orange demons (Abyss:3)
  A molten gargoyle (Desolation)
  An apocalypse crab (Abyss:3)
  12 cane toads
  A storm dragon simulacrum (Depths:2)
  2 unseen horrors
  A freezing wraith (Vaults:5)
  26 yaktaurs
  2 rime drakes
  A kobold demonologist (D:12)
  5 komodo dragons
  2 tengu conjurers
  A golden dragon simulacrum (Depths:2)
  6 ancient zymes (Abyss:3)
  An efreet (Gauntlet)
  A spectral glowing shapeshifter (Depths:2)
  7 trolls
  A merfolk (shapeshifter) (Depths:3)
  3 meliai (Spider:1)
  A hellwing (Abyss:3)
  26 merfolk
  A tengu simulacrum (Depths:2)
  2 polar bears
  40 tarantellas
  9 hornets
  6 blink frogs
  9 wind drakes
  A raiju (shapeshifter) (Depths:4)
  5 snapping turtles
  3 dream sheep (Shoals:1)
  28 saltlings (Desolation)
  An iron dragon simulacrum (Depths:2)
  16 culicivoras
  39 slime creatures
  2 spriggans (shapeshifter)
  16 jumping spiders
  A ynoxinul (Abyss:3)
  A shadow (D:12)
  2 slime creatures (shapeshifter)
  Sigmund (D:3)
  A vampire (D:11)
  23 water elementals
  5 wyverns
  4 wraiths
  47 yaks
  A basilisk (shapeshifter) (Abyss:3)
  3 fire bats (Abyss:3)
  Eustachio (D:4)
  8 fire elementals
  2 basilisks
  A neqoxec (Abyss:3)
  4 steam dragons
  A chaos spawn (Abyss:3)
  53 redbacks
  5 vampire mosquitoes
  A two-headed ogre zombie (D:12)
  A warg (Orc:2)
  14 water moccasins
  3 acid dragons
  2 hell hounds
  2 floating eyes
  18 orc warriors
  4 sky beasts (D:7)
  4 black bears
  12 boggarts
  8 ogres
  14 centaurs
  16 wolves
  2 phantoms (D:12)
  28 starcursed masses (Abyss:3)
  2 kobold brigands
  7 bullfrogs
  Blork the orc (D:5)
  2 gnoll sergeants
  2 elf skeletons (D:8)
  2 scorpions
  2 troll zombies (D:12)
  6 killer bees (D:10)
  4 howler monkeys
  2 quasits (Abyss:3)
  3 hounds
  A jelly (D:5)
  A gnoll bouda (D:9)
  17 orc priests
  An iron imp (Abyss:3)
  Jessica (D:2)
  Terence (D:3)
  6 iguanas
  28 orc wizards
  7 hell rats (Lair:5)
  Ijyb (D:3)
  6 small abominations (Abyss:3)
  5 ogre zombies (D:12)
  Robin (D:2)
  13 adders
  15 gnolls
  5 shadow imps
  A white imp (D:5)
  2 ufetubi
  2 dart slugs
  45 orcs
  3 bats
  8 endoplasms
  3 giant cockroaches
  20 goblins
  12 hobgoblins
  13 jackals
  6 quokkas
  14 ball pythons
  3 frilled lizards
  A goblin skeleton (D:12)
  4 goblin zombies (D:12)
  A hobgoblin skeleton (D:12)
  6 hobgoblin zombies (D:12)
  15 kobolds
  4 orc skeletons
  13 orc zombies
  12 rats
  A lurking horror (Abyss:3)
  4 starspawn tentacles (Abyss:3)
1861 creatures vanquished.

Vanquished Creatures (others)
  A vault guard (Vaults:5)
  A deep troll (Vaults:5)
  A sun moth (Spider:4)
  A moth of wrath (shapeshifter) (Abyss:3)
  A worldbinder (Abyss:3)
  A freezing wraith (Vaults:5)
  2 water elementals
  A large abomination (Abyss:3)
  An ogre (Vaults:5)
  2 orc wizards
  A lurking horror (Abyss:3)
  49 spectral weapons
  10 starspawn tentacles (Abyss:3)
  8 tentacles (Shoals:4)
80 creatures vanquished.

Grand Total: 1941 creatures vanquished

Notes
Turn   | Place    | Note
-------+----------+-------------------------------------------
     0 | D:1      | qw the Gargoyle Fighter began the quest for the Orb.
     0 | D:1      | Reached XP level 1. HP: 14/14 MP: 1/1
     0 | D:1      | 0 ||| qw: Version: 0.3-a-24-g62f9e04
     0 | D:1      | 0 ||| qw: Game counter: 6727
     0 | D:1      | 0 ||| qw: Melee chars always use a shield: true
     0 | D:1      | 0 ||| qw: God list: Okawaru
     0 | D:1      | 0 ||| qw: Allow faded altars: false
     0 | D:1      | 0 ||| qw: Do Orc after clearing Dungeon:15 true
     0 | D:1      | 0 ||| qw: Do second Lair branch before Depths: true
     0 | D:1      | 0 ||| qw: Lair rune preference: random
     0 | D:1      | 0 ||| qw: Goals: Normal, Zot:1-4, Slime:5, God:TSO, Crypt,
                  | Tomb, Abyss, Pan, Hells, Win
     0 | D:1      | 0 ||| PLANNING D:1-11
   164 | D:1      | Found a faded altar of an unknown god.
   257 | D:1      | Reached XP level 2. HP: 17/19 MP: 2/2
   590 | D:1      | Reached skill level 3 in Axes
   699 | D:1      | Reached XP level 3. HP: 23/23 MP: 3/3
   955 | D:1      | 955 ||| UPGRADING to ring of protection from fire.
   956 | D:1      | 956 ||| READING 4 scrolls labelled OJONAY PASI.
   957 | D:1      | 957 ||| READING scroll labelled IRAW JONLOWE.
   957 | D:1      | Identified a scroll of acquirement
   957 | D:1      | 957 ||| ACQUIRING +1 war axe of electrocution
   957 | D:1      | Acquired a +1 war axe of electrocution
   959 | D:1      | 959 ||| SWAPPING to +1 war axe of electrocution.
   960 | D:1      | 960 ||| DROPPING +0 war axe.
   961 | D:1      | 961 ||| READING scroll labelled CUSES JUEL VEQ.
   964 | D:1      | 964 ||| DRINKING 2 silvery potions.
   965 | D:1      | 965 ||| DRINKING 2 green potions.
   966 | D:1      | 966 ||| READING 3 scrolls of identify.
   966 | D:1      | 966 ||| IDENTIFYING yellow potion
   967 | D:1      | 967 ||| READING 2 scrolls of identify.
   967 | D:1      | 967 ||| IDENTIFYING sedimented inky potion
   968 | D:1      | 968 ||| DROPPING potion of degeneration.
   969 | D:1      | 969 ||| DROPPING potion of invisibility.
  1066 | D:2      | Noticed Robin
  1068 | D:2      | 1068 ||| Stepping ~*~*~tactically~*~*~ (hiding).
  1070 | D:2      | 1070 ||| Stepping ~*~*~tactically~*~*~ (stealth).
  1074 | D:2      | Killed Robin
  1079 | D:2      | Reached XP level 4. HP: 26/28 MP: 4/4
  1083 | D:2      | 1083 ||| Stepping ~*~*~tactically~*~*~ (stealth).
  1087 | D:2      | 1087 ||| Stepping ~*~*~tactically~*~*~ (stealth).
  1092 | D:2      | Noticed Jessica
  1100 | D:2      | Killed Jessica
  1373 | D:2      | Found a stormy altar of Qazlal.
  1506 | D:2      | 1506 ||| Stepping ~*~*~tactically~*~*~ (stealth).
  1511 | D:2      | Reached XP level 5. HP: 32/32 MP: 5/5
  1800 | D:2      | 1800 ||| Stepping ~*~*~tactically~*~*~ (stealth).
  1922 | D:2      | 1922 ||| UPGRADING to +0 helmet.
  1927 | D:2      | 1927 ||| DROPPING +1 hat of intelligence.
  1928 | D:2      | 1928 ||| UPGRADING to +0 pair of gloves.
  1933 | D:2      | 1933 ||| UPGRADING to +6 ring of dexterity.
  1934 | D:2      | 1934 ||| READING scroll labelled OMPOUFE KEOM.
  1935 | D:2      | 1935 ||| READING scroll labelled ULAPIW TAQECS.
  2017 | D:3      | 2017 ||| DROPPING +0 whip.
  2026 | D:3      | 2026 ||| Stepping ~*~*~tactically~*~*~ (hiding).
  2139 | D:3      | 2139 ||| Stepping ~*~*~tactically~*~*~ (stealth).
  2178 | D:3      | Noticed Sigmund
  2180 | D:3      | Noticed Terence
  2185 | D:3      | Killed Sigmund
  2186 | D:3      | Reached XP level 6. HP: 36/37 MP: 6/6
  2190 | D:3      | Killed Terence
  2276 | D:3      | 2276 ||| Stepping ~*~*~tactically~*~*~ (stealth).
  2300 | D:3      | Noticed Ijyb
  2307 | D:3      | Killed Ijyb
  2417 | D:3      | 2417 ||| UPGRADING to ring of see invisible.
  2419 | D:3      | 2419 ||| UPGRADING to ring of protection from fire.
  2421 | D:3      | 2421 ||| READING scroll labelled EHEORE ROPU.
  2422 | D:3      | 2422 ||| DRINKING 2 dark potions.
  2527 | D:3      | 2527 ||| READING 3 scrolls of identify.
  2527 | D:3      | 2527 ||| IDENTIFYING black potion
  2528 | D:3      | 2528 ||| READING 2 scrolls of identify.
  2528 | D:3      | 2528 ||| IDENTIFYING bubbling ruby potion
  2529 | D:3      | 2529 ||| DROPPING potion of berserk rage.
  2570 | D:4      | Reached skill level 4 in Fighting
  2576 | D:4      | Noticed Eustachio
  2577 | D:4      | 2577 ||| FLEEEEING.
  2610 | D:4      | 2610 ||| Stepping ~*~*~tactically~*~*~ (stealth).
  2630 | D:4      | Killed Eustachio
  2631 | D:4      | Reached XP level 7. HP: 31/43 MP: 7/7
  2785 | D:4      | 2785 ||| Stepping ~*~*~tactically~*~*~ (stealth).
  2786 | D:4      | 2786 ||| Stepping ~*~*~tactically~*~*~ (hiding).
  2788 | D:4      | 2788 ||| Stepping ~*~*~tactically~*~*~ (hiding).
  2789 | D:4      | 2789 ||| Stepping ~*~*~tactically~*~*~ (hiding).
  2928 | D:4      | Found a runed translucent door.
  2928 | D:4      | Noticed qw's ghost (amateur DEHu)
  3106 | D:4      | Reached skill level 6 in Axes
  3425 | D:4      | 3425 ||| DROPPING orb of mayhem.
  3426 | D:4      | 3426 ||| UPGRADING to +0 chain mail.
  3436 | D:4      | 3436 ||| DROPPING +0 scale mail.
  3437 | D:4      | 3437 ||| UPGRADING to +1 pair of gloves.
  3447 | D:4      | 3447 ||| DROPPING +0 pair of gloves.
  3448 | D:4      | 3448 ||| READING scroll labelled LAOROV FACYI.
  3449 | D:4      | 3449 ||| DRINKING 3 puce potions.
  3465 | D:5      | Entered Level 5 of the Dungeon
  3694 | D:5      | Found a runed translucent gate.
  3694 | D:5      | Found a runed translucent gate.
  3694 | D:5      | Found a runed translucent gate.
  3694 | D:5      | Noticed qw's ghost (novice DEHu)
  3766 | D:5      | 3766 ||| FLEEEEING.
  3767 | D:5      | 3767 ||| FLEEEEING.
  3768 | D:5      | 3768 ||| FLEEEEING.
  3769 | D:5      | 3769 ||| FLEEEEING.
  3770 | D:5      | 3770 ||| FLEEEEING.
  3771 | D:5      | 3771 ||| FLEEEEING.
  3773 | D:5      | 3773 ||| FLEEEEING.
  3774 | D:5      | 3774 ||| FLEEEEING.
  3775 | D:5      | 3775 ||| STAIRDANCE
  3775 | D:5      | Noticed Blork the orc
  4027 | D:5      | Reached skill level 1 in Throwing
  4162 | D:5      | 4162 ||| Stepping ~*~*~tactically~*~*~ (stealth).
  4171 | D:5      | Killed Blork the orc
  4172 | D:5      | Reached XP level 8. HP: 41/48 MP: 8/8
  4276 | D:5      | 4276 ||| Stepping ~*~*~tactically~*~*~ (stealth).
  4277 | D:5      | 4277 ||| Stepping ~*~*~tactically~*~*~ (stealth).
  4305 | D:5      | 4305 ||| Stepping ~*~*~tactically~*~*~ (stealth).
  4306 | D:5      | 4306 ||| Stepping ~*~*~tactically~*~*~ (stealth).
  4322 | D:5      | 4322 ||| Stepping ~*~*~tactically~*~*~ (stealth).
  4340 | D:5      | Reached skill level 5 in Fighting
  4438 | D:5      | 4438 ||| Stepping ~*~*~tactically~*~*~ (hiding).
  4479 | D:5      | 4479 ||| Stepping ~*~*~tactically~*~*~ (stealth).
  4642 | D:5      | 4642 ||| Stepping ~*~*~tactically~*~*~ (stealth).
  4689 | D:5      | 4689 ||| READING scroll labelled CEUJOO ODUDOMP.
  4828 | D:6      | 4828 ||| FLEEEEING.
  4829 | D:6      | 4829 ||| STAIRDANCE
  5010 | D:6      | 5010 ||| Stepping ~*~*~tactically~*~*~ (stealth).
  5011 | D:6      | 5011 ||| Stepping ~*~*~tactically~*~*~ (stealth).
  5048 | D:6      | 5048 ||| Stepping ~*~*~tactically~*~*~ (stealth).
  5229 | D:6      | 5229 ||| Stepping ~*~*~tactically~*~*~ (stealth).
  5247 | D:6      | 5247 ||| Stepping ~*~*~tactically~*~*~ (hiding).
  5248 | D:6      | 5248 ||| Stepping ~*~*~tactically~*~*~ (hiding).
  5402 | D:6      | Reached skill level 6 in Fighting
  5406 | D:6      | 5406 ||| Stepping ~*~*~tactically~*~*~ (hiding).
  5407 | D:6      | 5407 ||| Stepping ~*~*~tactically~*~*~ (hiding).
  5422 | D:6      | Reached XP level 9. HP: 47/55 MP: 9/9
  5454 | D:6      | Found a glowing golden altar of the Shining One.
  5708 | D:6      | 5708 ||| DROPPING orb of wrath.
  5709 | D:6      | 5709 ||| UPGRADING to +0 plate armour.
  5719 | D:6      | 5719 ||| DROPPING +0 chain mail.
  5720 | D:6      | 5720 ||| READING scroll labelled IPARPH NUIMAEF.
  5721 | D:6      | 5721 ||| READING scroll labelled YVYVEQ PUNI.
  5722 | D:6      | 5722 ||| READING scroll labelled SEUNAOTWOD.
  5723 | D:6      | 5723 ||| DRINKING 2 bubbling puce potions.
  5752 | D:6      | 5752 ||| READING 2 scrolls of identify.
  5752 | D:6      | 5752 ||| IDENTIFYING emerald potion
  5753 | D:6      | 5753 ||| DROPPING potion of ambrosia.
  5789 | D:7      | 5789 ||| Stepping ~*~*~tactically~*~*~ (hiding).
  5847 | D:7      | 5847 ||| Stepping ~*~*~tactically~*~*~ (stealth).
  5849 | D:7      | 5849 ||| Stepping ~*~*~tactically~*~*~ (stealth).
  5856 | D:7      | 5856 ||| DRINKING 3 potions of curing.
  5856 | D:7      | 5856 ||| (to cure confusion)
  6418 | D:7      | Found a staircase to the Ecumenical Temple.
  6419 | D:7      | 6419 ||| PLANNING TEMPLE
  6431 | D:7      | 6431 ||| READING scroll labelled PYSTRU IRAUCW.
  6435 | Temple   | Entered the Ecumenical Temple
  6454 | Temple   | 6454 ||| PLANNING OKAWARU WORSHIP
  6649 | Temple   | Became a worshipper of Warmaster Okawaru
  6650 | Temple   | 6650 ||| PLANNING D:1-11
  6693 | D:7      | 6693 ||| READING scroll of brand weapon.
  6693 | D:7      | 6693 ||| BRANDING +2 war axe of chaos.
  6694 | D:7      | 6694 ||| DROPPING +0 war axe.
  6695 | D:7      | Found a glowing silver altar of Zin.
  6696 | D:7      | Noticed an angel
  6840 | D:7      | Reached skill level 9 in Axes
  6854 | D:7      | 6854 ||| Stepping ~*~*~tactically~*~*~ (hiding).
  6866 | D:7      | Reached skill level 6 in Armour
  6898 | D:7      | Identified the +0 helmet "Saodae" {*Corrode Regen+ Str+3
                  | Dex+3}
  7004 | D:7      | 7004 ||| UPGRADING to +0 helmet "Saodae" {*Corrode Regen+
                  | Str+3 Dex+3}.
  7014 | D:7      | 7014 ||| DROPPING +0 helmet.
  7015 | D:7      | 7015 ||| READING 2 scrolls of identify.
  7015 | D:7      | 7015 ||| IDENTIFYING orange potion
  7033 | D:8      | Noticed a two-headed ogre
  7034 | D:8      | 7034 ||| PLANNING OSSUARY
  7039 | D:8      | 7039 ||| STAIRDANCE
  7046 | D:7      | Killed a two-headed ogre
  7046 | D:7      | Reached * piety under Okawaru
  7047 | D:7      | Reached skill level 8 in Fighting
  7073 | D:8      | 7073 ||| Stepping ~*~*~tactically~*~*~ (stealth).
  7075 | D:8      | 7075 ||| Stepping ~*~*~tactically~*~*~ (stealth).
  7077 | D:8      | 7077 ||| Stepping ~*~*~tactically~*~*~ (stealth).
  7088 | D:8      | 7088 ||| INVOKING Heroism.
  7090 | D:8      | Reached skill level 1 in Invocations
  7090 | D:8      | Reached XP level 10. HP: 47/64 MP: 7/11
  7099 | D:8      | Reached ** piety under Okawaru
  7100 | D:8      | Reached skill level 3 in Invocations
  7104 | D:8      | 7104 ||| INVOKING Heroism.
  7181 | D:8      | Noticed Gastronok
  7182 | D:8      | 7182 ||| INVOKING Heroism.
  7198 | D:8      | Killed Gastronok
  7198 | D:8      | Reached *** piety under Okawaru
  7292 | D:8      | 7292 ||| READING scroll of enchant weapon.
  7292 | D:8      | 7292 ||| ENCHANTING +2 war axe of protection.
  7329 | D:8      | 7329 ||| Stepping ~*~*~tactically~*~*~ (hiding).
  7367 | D:8      | Found a snail-covered altar of Cheibriados.
  7456 | D:8      | Found a staircase to the Lair.
  7471 | D:8      | 7471 ||| Stepping ~*~*~tactically~*~*~ (stealth).
  7476 | D:8      | 7476 ||| Stepping ~*~*~tactically~*~*~ (hiding).
  7503 | D:8      | 7503 ||| Stepping ~*~*~tactically~*~*~ (stealth).
  7506 | D:8      | 7506 ||| Stepping ~*~*~tactically~*~*~ (hiding).
  7508 | D:8      | 7508 ||| Stepping ~*~*~tactically~*~*~ (hiding).
  7518 | D:8      | 7518 ||| Stepping ~*~*~tactically~*~*~ (stealth).
  7561 | D:8      | 7561 ||| INVOKING Heroism.
  7569 | D:8      | Reached skill level 3 in Throwing
  7609 | D:8      | Noticed an ice statue
  7624 | D:8      | Found a transporter.
  7629 | D:8      | Noticed qw's ghost (novice DEHu)
  7638 | D:8      | Noticed a centaur warrior
  7654 | D:8      | 7654 ||| RIP OSSUARY
  7658 | D:8      | 7658 ||| PLANNING LAIR
  7658 | D:8      | 7658 ||| DROPPING orb of wrath.
  7659 | D:8      | 7659 ||| UPGRADING to +0 pair of boots.
  7664 | D:8      | 7664 ||| READING scroll labelled ESOPPU GEOPT.
  7665 | D:8      | 7665 ||| READING scroll labelled POGHOT WEMP.
  7766 | D:8      | 7766 ||| READING scroll labelled DEFUETU CAIPN.
  7767 | D:8      | Found a transporter.
  7798 | Lair:1   | Entered Level 1 of the Lair of Beasts
  7859 | Lair:1   | Reached XP level 11. HP: 66/68 MP: 15/15
  7877 | Lair:1   | 7877 ||| INVOKING Heroism.
  7879 | Lair:1   | 7879 ||| Stepping ~*~*~tactically~*~*~ (stealth).
  7894 | Lair:1   | 7894 ||| Stepping ~*~*~tactically~*~*~ (stealth).
  7897 | Lair:1   | 7897 ||| Stepping ~*~*~tactically~*~*~ (stealth).
  7898 | Lair:1   | 7898 ||| Stepping ~*~*~tactically~*~*~ (stealth).
  7903 | Lair:1   | 7903 ||| INVOKING Heroism.
  7927 | Lair:1   | Reached **** piety under Okawaru
  7942 | Lair:1   | 7942 ||| INVOKING Heroism.
  7957 | Lair:1   | Reached skill level 6 in Invocations
  7984 | Lair:1   | 7984 ||| INVOKING Heroism.
  8316 | Lair:1   | 8316 ||| INVOKING Heroism.
  8322 | Lair:1   | Reached skill level 9 in Fighting
  8776 | Lair:1   | 8776 ||| INVOKING Heroism.
  8790 | Lair:1   | 8790 ||| Stepping ~*~*~tactically~*~*~ (stealth).
  8902 | Lair:1   | 8902 ||| Stepping ~*~*~tactically~*~*~ (stealth).
  9040 | Lair:1   | 9040 ||| INVOKING Heroism.
  9127 | Lair:1   | 9127 ||| UPGRADING to +4 ring of protection.
  9129 | Lair:1   | 9129 ||| DRINKING 2 brown potions.
  9173 | Lair:2   | 9173 ||| INVOKING Heroism.
  9230 | Lair:2   | 9230 ||| Stepping ~*~*~tactically~*~*~ (stealth).
  9233 | Lair:2   | 9233 ||| Stepping ~*~*~tactically~*~*~ (stealth).
  9251 | Lair:2   | 9251 ||| INVOKING Heroism.
  9268 | Lair:2   | Reached skill level 12 in Axes
  9268 | Lair:2   | Reached XP level 12. HP: 39/76 MP: 15/17
  9268 | Lair:2   | Received a gift from Okawaru
  9368 | Lair:2   | Found a staircase to the Shoals.
  9392 | Lair:2   | Reached ***** piety under Okawaru
  9439 | Lair:2   | 9439 ||| READING scroll of enchant weapon.
  9439 | Lair:2   | 9439 ||| ENCHANTING +3 war axe of protection.
  9647 | Lair:2   | 9647 ||| INVOKING Heroism.
 10316 | Lair:2   | 10316 ||| UPGRADING to +0 cloak.
 10321 | Lair:2   | 10321 ||| READING scroll labelled ADGHUX PAGU.
 10401 | Lair:3   | Noticed Snorg
 10402 | Lair:3   | 10402 ||| INVOKING Heroism.
 10403 | Lair:3   | 10403 ||| Stepping ~*~*~tactically~*~*~ (stealth).
 10418 | Lair:3   | Killed Snorg
 10427 | Lair:3   | Reached skill level 9 in Invocations
 10561 | Lair:3   | 10561 ||| Stepping ~*~*~tactically~*~*~ (stealth).
 10563 | Lair:3   | 10563 ||| INVOKING Heroism.
 10573 | Lair:3   | Reached skill level 9 in Armour
 10585 | Lair:3   | 10585 ||| READING scroll of enchant armour.
 10585 | Lair:3   | 10585 ||| ENCHANTING +1 pair of gloves.
 10586 | Lair:3   | Identified the +7 long sword of the Usurping Mosquito
                  | {drain, SInv}
 10877 | Lair:3   | Reached skill level 6 in Shields
 10891 | Lair:3   | 10891 ||| Stepping ~*~*~tactically~*~*~ (stealth).
 10908 | Lair:3   | Found a hole to the Spider Nest.
 10909 | Lair:3   | 10909 ||| INVOKING Heroism.
 10918 | Lair:3   | 10918 ||| Stepping ~*~*~tactically~*~*~ (stealth).
 11388 | Lair:4   | 11388 ||| PLANNING GAUNTLET
 11553 | Lair:4   | Found a transporter.
 11556 | Lair:4   | Found a transporter.
 11557 | Lair:4   | Noticed a boulder beetle
 11557 | Lair:4   | Noticed a boulder beetle
 11574 | Lair:4   | Found a gate leading to a gauntlet.
 11580 | Gauntlet | Entered a Gauntlet
 11580 | Gauntlet | Noticed a soul eater
 11580 | Gauntlet | Found a large runed translucent door.
 11580 | Gauntlet | Found a large runed translucent door.
 11580 | Gauntlet | Found a large runed translucent door.
 11580 | Gauntlet | Found a large runed translucent door.
 11580 | Gauntlet | Found a large runed translucent door.
 11580 | Gauntlet | Found a large runed translucent door.
 11580 | Gauntlet | Found a large runed translucent door.
 11580 | Gauntlet | Found a large runed translucent door.
 11580 | Gauntlet | Found a runed translucent door.
 11580 | Gauntlet | Found a runed translucent gate.
 11580 | Gauntlet | Found a transporter.
 11580 | Gauntlet | Found a transporter.
 11580 | Gauntlet | Found a runed translucent gate.
 11580 | Gauntlet | Found a transporter.
 11583 | Gauntlet | Found a transporter.
 11584 | Gauntlet | Found a transporter.
 11584 | Gauntlet | Found a transporter.
 11594 | Gauntlet | Found a transporter.
 11598 | Gauntlet | Found a transporter.
 11610 | Gauntlet | Found a transporter.
 11682 | Gauntlet | Found a runed translucent door.
 11683 | Gauntlet | Found a large runed translucent door.
 11683 | Gauntlet | Found a large runed translucent door.
 11683 | Gauntlet | Found a large runed translucent door.
 11683 | Gauntlet | Found a large runed translucent door.
 11684 | Gauntlet | Found a large runed translucent door.
 11684 | Gauntlet | Found a large runed translucent door.
 11685 | Gauntlet | Found a large runed translucent door.
 11685 | Gauntlet | Found a large runed translucent door.
 11694 | Gauntlet | Found a runed translucent gate.
 11702 | Gauntlet | Noticed a catoblepas
 11712 | Gauntlet | Found a transporter.
 11714 | Gauntlet | Found a transporter.
 11724 | Gauntlet | Found a transporter.
 11807 | Gauntlet | Killed a soul eater
 11808 | Gauntlet | Reached skill level 10 in Fighting
 11816 | Gauntlet | 11816 ||| UPGRADING to scarf of resistance.
 11831 | Gauntlet | 11831 ||| INVOKING Heroism.
 11832 | Gauntlet | 11832 ||| INVOKING Finesse.
 11835 | Gauntlet | Received a gift from Okawaru
 11837 | Gauntlet | Killed a catoblepas
 11885 | Gauntlet | 11885 ||| DROPPING +0 flail.
 11936 | Gauntlet | 11936 ||| DROPPING scarf of invisibility.
 11953 | Gauntlet | Noticed a minotaur
 11954 | Gauntlet | 11954 ||| INVOKING Heroism.
 11955 | Gauntlet | 11955 ||| INVOKING Finesse.
 11966 | Gauntlet | Killed a minotaur
 11967 | Gauntlet | Reached XP level 13. HP: 73/82 MP: 13/20
 12011 | Gauntlet | Identified the ring of Zeohaceg {rN+ EV+5 Int+3 Dex-4}
 12022 | Gauntlet | 12022 ||| DROPPING +6 ring of dexterity.
 12023 | Gauntlet | 12023 ||| UPGRADING to ring of Zeohaceg {rN+ EV+5 Int+3
                  | Dex-4}.
 12025 | Gauntlet | 12025 ||| READING 2 scrolls labelled NURUM ISSO.
 12026 | Gauntlet | 12026 ||| READING 2 scrolls of identify.
 12026 | Gauntlet | 12026 ||| IDENTIFYING fuming black potion
 12027 | Gauntlet | 12027 ||| DROPPING scroll of vulnerability.
 12039 | Lair:4   | 12039 ||| PLANNING LAIR
 12327 | Lair:4   | Found a runed translucent door.
 12329 | Lair:4   | Found a viscous altar of Jiyva.
 12330 | Lair:4   | Noticed an acid blob
 12331 | Lair:4   | Found a staircase to the Slime Pits.
 12416 | Lair:4   | 12416 ||| INVOKING Heroism.
 12829 | Lair:5   | Entered Level 5 of the Lair of Beasts
 12829 | Lair:5   | Found a runed translucent gate.
 12829 | Lair:5   | Found a runed translucent gate.
 12831 | Lair:5   | Found a runed translucent gate.
 12846 | Lair:5   | Noticed qw's ghost (journeyman GrHu)
 12858 | Lair:5   | 12858 ||| INVOKING Heroism.
 12859 | Lair:5   | 12859 ||| INVOKING Finesse.
 12884 | Lair:5   | Identified the +1 plate armour of Greed {rN+} (Okawaru
                  | gifted it to you on level 5 of the Lair of Beasts)
 12884 | Lair:5   | Received a gift from Okawaru
 12926 | Lair:5   | 12926 ||| INVOKING Finesse.
 12979 | Lair:5   | 12979 ||| INVOKING Heroism.
 13062 | Lair:5   | 13062 ||| INVOKING Heroism.
 13064 | Lair:5   | 13064 ||| Stepping ~*~*~tactically~*~*~ (stealth).
 13113 | Lair:5   | 13113 ||| Stepping ~*~*~tactically~*~*~ (stealth).
 13121 | Lair:5   | 13121 ||| INVOKING Heroism.
 13192 | Lair:5   | 13192 ||| INVOKING Heroism.
 13309 | Lair:5   | 13309 ||| INVOKING Heroism.
 13311 | Lair:5   | 13311 ||| Stepping ~*~*~tactically~*~*~ (stealth).
 13312 | Lair:5   | 13312 ||| Stepping ~*~*~tactically~*~*~ (stealth).
 13313 | Lair:5   | 13313 ||| Stepping ~*~*~tactically~*~*~ (stealth).
 13314 | Lair:5   | 13314 ||| Stepping ~*~*~tactically~*~*~ (stealth).
 13357 | Lair:5   | 13357 ||| INVOKING Heroism.
 13362 | Lair:5   | Reached skill level 11 in Fighting
 13381 | Lair:5   | Received a gift from Okawaru
 13383 | Lair:5   | Gained mutation: Your large and strong wings let you fly.
                  | [Gargoyle growth]
 13383 | Lair:5   | Reached XP level 14. HP: 79/90 MP: 21/21
 13500 | Lair:5   | 13500 ||| Stepping ~*~*~tactically~*~*~ (stealth).
 13501 | Lair:5   | 13501 ||| Stepping ~*~*~tactically~*~*~ (stealth).
 13512 | Lair:5   | 13512 ||| Stepping ~*~*~tactically~*~*~ (stealth).
 13544 | Lair:5   | Received a gift from Okawaru
 13553 | Lair:5   | Reached skill level 15 in Axes
 13564 | Lair:5   | 13564 ||| SWAPPING to +2 broad axe of flaming.
 13565 | Lair:5   | 13565 ||| DROPPING +0 morningstar.
 13566 | Lair:5   | 13566 ||| DROPPING +4 war axe of protection.
 13587 | Lair:5   | 13587 ||| INVOKING Heroism.
 13717 | Lair:5   | 13717 ||| INVOKING Heroism.
 13718 | Lair:5   | 13718 ||| INVOKING Finesse.
 13870 | Lair:5   | 13870 ||| INVOKING Heroism.
 13882 | Lair:5   | Reached skill level 12 in Fighting
 13882 | Lair:5   | 13882 ||| INVOKING Finesse.
 14274 | Lair:5   | 14274 ||| UPGRADING to +1 plate armour of Greed {rN+}.
 14284 | Lair:5   | 14284 ||| PLANNING D:1-11
 14284 | Lair:5   | 14284 ||| DROPPING +0 plate armour.
 14285 | Lair:5   | 14285 ||| UPGRADING to amulet of reflection.
 14290 | Lair:5   | 14290 ||| READING 2 scrolls of identify.
 14290 | Lair:5   | 14290 ||| IDENTIFYING cyan potion
 14291 | Lair:5   | 14291 ||| DROPPING potion of brilliance.
 14554 | D:9      | 14554 ||| Stepping ~*~*~tactically~*~*~ (hiding).
 14678 | D:9      | 14678 ||| READING scroll of enchant weapon.
 14678 | D:9      | 14678 ||| ENCHANTING +2 broad axe of flaming.
 14714 | D:9      | 14714 ||| Stepping ~*~*~tactically~*~*~ (hiding).
 14715 | D:9      | 14715 ||| Stepping ~*~*~tactically~*~*~ (hiding).
 14716 | D:9      | 14716 ||| Stepping ~*~*~tactically~*~*~ (hiding).
 14717 | D:9      | 14717 ||| Stepping ~*~*~tactically~*~*~ (hiding).
 14719 | D:9      | 14719 ||| Stepping ~*~*~tactically~*~*~ (hiding).
 14720 | D:9      | 14720 ||| Stepping ~*~*~tactically~*~*~ (hiding).
 14859 | D:9      | 14859 ||| INVOKING Heroism.
 14860 | D:9      | 14860 ||| INVOKING Finesse.
 15183 | D:9      | 15183 ||| Stepping ~*~*~tactically~*~*~ (stealth).
 15232 | D:9      | 15232 ||| READING scroll of enchant armour.
 15232 | D:9      | 15232 ||| ENCHANTING +0 pair of boots.
 15332 | D:10     | Entered Level 10 of the Dungeon
 15400 | D:10     | 15400 ||| Stepping ~*~*~tactically~*~*~ (stealth).
 15490 | D:10     | Noticed Nergalle
 15514 | D:10     | Killed Nergalle
 15777 | D:10     | Found a hide-covered altar of Uskayaw.
 15892 | D:10     | 15892 ||| READING 2 scrolls of identify.
 15892 | D:10     | 15892 ||| IDENTIFYING sapphire potion
 16372 | D:11     | 16372 ||| DRINKING 5 potions of curing.
 16372 | D:11     | 16372 ||| (to cure confusion)
 16581 | D:11     | Received a gift from Okawaru
 16608 | D:11     | Identified the +6 scale mail "Beloy" {rElec Will++ Dex+3
                  | Stlth-}
 16720 | D:11     | 16720 ||| PLANNING D
 16720 | D:11     | 16720 ||| DROPPING +1 pair of gloves of infusion.
 16721 | D:11     | 16721 ||| UPGRADING to +6 scale mail "Beloy" {rElec Will++
                  | Dex+3 Stlth-}.
 16743 | D:12     | 16743 ||| Stepping ~*~*~tactically~*~*~ (stealth).
 16746 | D:12     | 16746 ||| Stepping ~*~*~tactically~*~*~ (hiding).
 16750 | D:12     | 16750 ||| INVOKING Heroism.
 16751 | D:12     | 16751 ||| INVOKING Finesse.
 16760 | D:12     | Reached skill level 3 in Dodging
 16760 | D:12     | Reached XP level 15. HP: 93/96 MP: 15/22
 16813 | D:12     | Noticed Nessos
 16814 | D:12     | 16814 ||| INVOKING Finesse.
 16821 | D:12     | 16821 ||| INVOKING Heroism.
 16833 | D:12     | Killed Nessos
 16839 | D:12     | 16839 ||| Stepping ~*~*~tactically~*~*~ (hiding).
 16841 | D:12     | 16841 ||| Stepping ~*~*~tactically~*~*~ (hiding).
 16937 | D:12     | 16937 ||| Stepping ~*~*~tactically~*~*~ (stealth).
 16939 | D:12     | 16939 ||| Stepping ~*~*~tactically~*~*~ (stealth).
 16945 | D:12     | 16945 ||| INVOKING Heroism.
 16978 | D:12     | 16978 ||| Stepping ~*~*~tactically~*~*~ (stealth).
 16993 | D:12     | 16993 ||| Stepping ~*~*~tactically~*~*~ (stealth).
 16995 | D:12     | 16995 ||| Stepping ~*~*~tactically~*~*~ (stealth).
 17018 | D:12     | Found a staircase to the Orcish Mines.
 17041 | D:12     | 17041 ||| Stepping ~*~*~tactically~*~*~ (stealth).
 17043 | D:12     | 17043 ||| Stepping ~*~*~tactically~*~*~ (stealth).
 17120 | D:12     | 17120 ||| Stepping ~*~*~tactically~*~*~ (hiding).
 17122 | D:12     | 17122 ||| FLEEEEING.
 17123 | D:12     | 17123 ||| FLEEEEING.
 17124 | D:12     | 17124 ||| STAIRDANCE
 17136 | D:12     | 17136 ||| Stepping ~*~*~tactically~*~*~ (hiding).
 17223 | D:12     | 17223 ||| Stepping ~*~*~tactically~*~*~ (stealth).
 17224 | D:12     | 17224 ||| Stepping ~*~*~tactically~*~*~ (stealth).
 17248 | D:12     | Noticed Josephine
 17249 | D:12     | 17249 ||| Stepping ~*~*~tactically~*~*~ (hiding).
 17259 | D:12     | Killed Josephine
 17279 | D:12     | 17279 ||| Stepping ~*~*~tactically~*~*~ (hiding).
 17280 | D:12     | 17280 ||| Stepping ~*~*~tactically~*~*~ (hiding).
 17992 | D:13     | 17992 ||| Stepping ~*~*~tactically~*~*~ (hiding).
 18004 | D:13     | 18004 ||| READING scroll of enchant weapon.
 18004 | D:13     | 18004 ||| ENCHANTING +3 broad axe of flaming.
 18201 | D:13     | 18201 ||| DROPPING +1 war axe of electrocution.
 18380 | D:14     | 18380 ||| STAIRDANCE
 18616 | D:14     | 18616 ||| Stepping ~*~*~tactically~*~*~ (hiding).
 18676 | D:14     | 18676 ||| INVOKING Finesse.
 18677 | D:14     | 18677 ||| Stepping ~*~*~tactically~*~*~ (stealth).
 18720 | D:14     | Found a gate to the Vaults.
 18740 | D:14     | 18740 ||| Stepping ~*~*~tactically~*~*~ (stealth).
 18746 | D:14     | 18746 ||| Stepping ~*~*~tactically~*~*~ (stealth).
 19043 | D:14     | 19043 ||| Stepping ~*~*~tactically~*~*~ (hiding).
 19352 | D:15     | Entered Level 15 of the Dungeon
 19396 | D:15     | 19396 ||| INVOKING Heroism.
 19553 | D:15     | Identified the +1 robe "Huvos" {Will++ Str+3}
 19586 | D:15     | 19586 ||| Stepping ~*~*~tactically~*~*~ (stealth).
 19587 | D:15     | 19587 ||| Stepping ~*~*~tactically~*~*~ (stealth).
 19590 | D:15     | 19590 ||| Stepping ~*~*~tactically~*~*~ (hiding).
 19594 | D:15     | 19594 ||| INVOKING Heroism.
 19603 | D:15     | 19603 ||| Stepping ~*~*~tactically~*~*~ (stealth).
 19605 | D:15     | 19605 ||| Stepping ~*~*~tactically~*~*~ (stealth).
 19613 | D:15     | 19613 ||| Stepping ~*~*~tactically~*~*~ (hiding).
 19629 | D:15     | Reached skill level 13 in Fighting
 19744 | D:15     | Found a staircase to the Depths.
 19967 | D:15     | 19967 ||| Stepping ~*~*~tactically~*~*~ (stealth).
 19975 | D:15     | 19975 ||| INVOKING Heroism.
 20135 | D:15     | Reached skill level 6 in Throwing
 20451 | D:15     | Found a stormy altar of Qazlal.
 20619 | D:15     | 20619 ||| PLANNING ORC
 20619 | D:15     | 20619 ||| DROPPING +2 helmet.
 20741 | Orc:1    | Entered Level 1 of the Orcish Mines
 20788 | Orc:1    | 20788 ||| Stepping ~*~*~tactically~*~*~ (hiding).
 20789 | Orc:1    | 20789 ||| Stepping ~*~*~tactically~*~*~ (hiding).
 20897 | Orc:2    | Entered Level 2 of the Orcish Mines
 20901 | Orc:2    | Found a staircase to the Elven Halls.
 20918 | Orc:2    | 20918 ||| Stepping ~*~*~tactically~*~*~ (hiding).
 20935 | Orc:2    | 20935 ||| Stepping ~*~*~tactically~*~*~ (hiding).
 20942 | Orc:2    | 20942 ||| Stepping ~*~*~tactically~*~*~ (hiding).
 20945 | Orc:2    | 20945 ||| INVOKING Heroism.
 20947 | Orc:2    | 20947 ||| Stepping ~*~*~tactically~*~*~ (hiding).
 20951 | Orc:2    | 20951 ||| Stepping ~*~*~tactically~*~*~ (hiding).
 20966 | Orc:2    | Gained mutation: [Your body sometimes deteriorates upon
                  | taking damage.] [a neqoxec]
 20972 | Orc:2    | 20972 ||| Stepping ~*~*~tactically~*~*~ (hiding).
 20976 | Orc:2    | 20976 ||| Stepping ~*~*~tactically~*~*~ (hiding).
 20986 | Orc:2    | 20986 ||| INVOKING Heroism.
 20989 | Orc:2    | Received a gift from Okawaru
 21055 | Orc:2    | 21055 ||| Stepping ~*~*~tactically~*~*~ (hiding).
 21064 | Orc:2    | 21064 ||| INVOKING Heroism.
 21067 | Orc:2    | Found Heegeipp's Magic Scroll Emporium.
 21067 | Orc:2    | Found Ummupru's General Store.
 21067 | Orc:2    | Found Unonuraq's Antique Weapon Shoppe.
 21087 | Orc:2    | Found Culezemno's Armour Emporium.
 21090 | Orc:2    | 21090 ||| BUYING scroll of teleportation (36 gold).
 21090 | Orc:2    | Bought a scroll of teleportation for 36 gold pieces
 21091 | Orc:2    | 21091 ||| SHOPLISTING +18 crystal plate armour of
                  | Waidwoewaxt {Harm +Blink rF+ Str+2} (2341 gold, have 2166).
 21091 | Orc:2    | 21091 ||| BUYING +2 pair of boots (247 gold).
 21091 | Orc:2    | Bought a +2 pair of boots for 247 gold pieces
 21092 | Orc:2    | 21092 ||| BUYING 2 potions of curing (90 gold).
 21092 | Orc:2    | Bought 2 potions of curing for 90 gold pieces
 21092 | Orc:2    | 21092 ||| BUYING scroll of enchant armour (112 gold).
 21092 | Orc:2    | Bought a scroll of enchant armour for 112 gold pieces
 21092 | Orc:2    | 21092 ||| BUYING scroll of teleportation (45 gold).
 21092 | Orc:2    | Bought a scroll of teleportation for 45 gold pieces
 21092 | Orc:2    | 21092 ||| Stepping ~*~*~tactically~*~*~ (stealth).
 21093 | Orc:2    | 21093 ||| READING scroll of enchant armour.
 21093 | Orc:2    | 21093 ||| ENCHANTING +1 pair of boots.
 21199 | Orc:2    | 21199 ||| Stepping ~*~*~tactically~*~*~ (stealth).
 21200 | Orc:2    | Noticed Saint Roka
 21201 | Orc:2    | 21201 ||| INVOKING Heroism.
 21202 | Orc:2    | 21202 ||| INVOKING Finesse.
 21230 | Orc:2    | HP: 20/98 [Saint Roka/+0 great sword (22)]
 21231 | Orc:2    | 21231 ||| READING 13 scrolls of teleportation.
 21231 | Orc:2    | HP: 5/98 [Saint Roka/divine providence (16)]
 21232 | Orc:2    | 21232 ||| DRINKING 4 potions of heal wounds.
 21233 | Orc:2    | 21233 ||| DRINKING 3 potions of heal wounds.
 21236 | Orc:2    | Killed Saint Roka
 21333 | Orc:2    | 21333 ||| DROPPING +1 plate armour of Greed {rN+}.
 21334 | Orc:2    | 21334 ||| UPGRADING to +10 plate armour of ponderousness.
 21347 | Orc:2    | 21347 ||| DROPPING +6 scale mail "Beloy" {rElec Will++
                  | Dex+3 Stlth-}.
 21348 | Orc:2    | 21348 ||| DROPPING +2 pair of boots.
 21358 | Orc:2    | Noticed Azrael
 21359 | Orc:2    | 21359 ||| Stepping ~*~*~tactically~*~*~ (stealth).
 21361 | Orc:2    | 21361 ||| INVOKING Heroism.
 21362 | Orc:2    | 21362 ||| INVOKING Finesse.
 21366 | Orc:2    | 21366 ||| Stepping ~*~*~tactically~*~*~ (hiding).
 21367 | Orc:2    | 21367 ||| Stepping ~*~*~tactically~*~*~ (hiding).
 21368 | Orc:2    | 21368 ||| Stepping ~*~*~tactically~*~*~ (hiding).
 21378 | Orc:2    | Killed Azrael
 21505 | Orc:1    | Reached XP level 16. HP: 103/104 MP: 23/23
 21541 | Orc:1    | Found Zemyloc's Weapon Shop.
 21645 | Orc:2    | Reached skill level 12 in Armour
 21886 | Orc:1    | Noticed Maurice
 21887 | Orc:1    | 21887 ||| INVOKING Heroism.
 21895 | Orc:1    | 21895 ||| Stepping ~*~*~tactically~*~*~ (hiding).
 21896 | Orc:1    | 21896 ||| Stepping ~*~*~tactically~*~*~ (hiding).
 21897 | Orc:1    | 21897 ||| Stepping ~*~*~tactically~*~*~ (hiding).
 21898 | Orc:1    | 21898 ||| Stepping ~*~*~tactically~*~*~ (hiding).
 21921 | Orc:1    | Killed Maurice
 22093 | Orc:2    | 22093 ||| PLANNING SPIDER:1-3
 22252 | Spider:1 | Entered Level 1 of the Spider Nest
 22300 | Spider:1 | 22300 ||| DRINKING 7 potions of curing.
 22300 | Spider:1 | 22300 ||| (to cure confusion)
 22347 | Spider:1 | 22347 ||| Stepping ~*~*~tactically~*~*~ (stealth).
 22361 | Spider:1 | Received a gift from Okawaru
 22381 | Spider:1 | 22381 ||| Stepping ~*~*~tactically~*~*~ (stealth).
 22382 | Spider:1 | 22382 ||| Stepping ~*~*~tactically~*~*~ (stealth).
 22571 | Spider:1 | 22571 ||| DRINKING 6 potions of curing.
 22571 | Spider:1 | 22571 ||| (to cure confusion)
 22572 | Spider:1 | 22572 ||| INVOKING Heroism.
 22579 | Spider:1 | HP: 23/104 [disintegration (31)]
 22580 | Spider:1 | 22580 ||| READING 13 scrolls of teleportation.
 22580 | Spider:1 | HP: 8/104 [meliai/divine providence (16)]
 22581 | Spider:1 | 22581 ||| DRINKING 2 potions of heal wounds.
 22582 | Spider:1 | 22582 ||| DRINKING potion of heal wounds.
 22673 | Spider:1 | 22673 ||| Stepping ~*~*~tactically~*~*~ (hiding).
 22709 | Spider:1 | 22709 ||| INVOKING Heroism.
 22809 | Spider:1 | Reached skill level 18 in Axes
 23468 | Spider:2 | 23468 ||| Stepping ~*~*~tactically~*~*~ (hiding).
 23487 | Spider:2 | Reached skill level 9 in Shields
 23498 | Spider:2 | 23498 ||| Stepping ~*~*~tactically~*~*~ (hiding).
 23499 | Spider:2 | 23499 ||| Stepping ~*~*~tactically~*~*~ (hiding).
 23500 | Spider:2 | 23500 ||| Stepping ~*~*~tactically~*~*~ (hiding).
 23608 | Spider:2 | 23608 ||| INVOKING Finesse.
 23682 | Spider:2 | 23682 ||| Stepping ~*~*~tactically~*~*~ (stealth).
 23788 | Spider:2 | 23788 ||| INVOKING Heroism.
 23793 | Spider:2 | Received a gift from Okawaru
 23797 | Spider:2 | 23797 ||| Stepping ~*~*~tactically~*~*~ (stealth).
 23963 | Spider:2 | 23963 ||| INVOKING Heroism.
 24366 | Spider:3 | 24366 ||| Stepping ~*~*~tactically~*~*~ (hiding).
 24368 | Spider:3 | 24368 ||| Stepping ~*~*~tactically~*~*~ (hiding).
 24370 | Spider:3 | 24370 ||| Stepping ~*~*~tactically~*~*~ (stealth).
 24371 | Spider:3 | 24371 ||| INVOKING Finesse.
 24376 | Spider:3 | 24376 ||| Stepping ~*~*~tactically~*~*~ (hiding).
 24380 | Spider:3 | 24380 ||| Stepping ~*~*~tactically~*~*~ (hiding).
 24424 | Spider:3 | 24424 ||| INVOKING Heroism.
 24635 | Spider:3 | 24635 ||| INVOKING Heroism.
 24637 | Spider:3 | Noticed Bai Suzhen
 24645 | Spider:3 | Reached skill level 14 in Fighting
 24658 | Spider:3 | 24658 ||| INVOKING Heroism.
 24664 | Spider:3 | Killed Bai Suzhen
 24701 | Spider:3 | 24701 ||| Stepping ~*~*~tactically~*~*~ (stealth).
 24707 | Spider:3 | 24707 ||| Stepping ~*~*~tactically~*~*~ (stealth).
 24708 | Spider:3 | 24708 ||| Stepping ~*~*~tactically~*~*~ (stealth).
 24718 | Spider:3 | Received a gift from Okawaru
 24806 | Spider:3 | 24806 ||| INVOKING Heroism.
 24829 | Spider:3 | Reached skill level 15 in Fighting
 25051 | Spider:3 | 25051 ||| INVOKING Heroism.
 25231 | Spider:3 | 25231 ||| PLANNING SHOALS:1-3
 25381 | Shoals:1 | Entered Level 1 of the Shoals
 25382 | Shoals:1 | 25382 ||| PLANNING BAZAAR
 25393 | Shoals:1 | Reached XP level 17. HP: 113/113 MP: 24/24
 25418 | Shoals:1 | Received a gift from Okawaru
 25504 | Shoals:1 | 25504 ||| Stepping ~*~*~tactically~*~*~ (hiding).
 25653 | Shoals:1 | 25653 ||| Stepping ~*~*~tactically~*~*~ (hiding).
 25768 | Shoals:1 | 25768 ||| INVOKING Heroism.
 25845 | Shoals:1 | Identified the +6 scale mail of the Hot Ocelot {Int+5
                  | Dex+2}
 25856 | Shoals:1 | 25856 ||| INVOKING Heroism.
 25857 | Shoals:1 | 25857 ||| INVOKING Finesse.
 25873 | Shoals:1 | 25873 ||| Stepping ~*~*~tactically~*~*~ (hiding).
 25874 | Shoals:1 | 25874 ||| Stepping ~*~*~tactically~*~*~ (hiding).
 25929 | Shoals:1 | 25929 ||| Stepping ~*~*~tactically~*~*~ (hiding).
 25944 | Shoals:1 | 25944 ||| INVOKING Heroism.
 26093 | Shoals:1 | Found a flickering gateway to a bazaar.
 26102 | Bazaar   | Entered a bazaar
 26102 | Bazaar   | Found Sonkokh's Weapon Boutique.
 26102 | Bazaar   | Found Durish's Antique Armour Shop.
 26102 | Bazaar   | Found Yfez's Antique Weapon Shop.
 26108 | Bazaar   | 26108 ||| BUYING runed war axe (110 gold).
 26108 | Bazaar   | Bought a runed war axe for 110 gold pieces
 26108 | Bazaar   | 26108 ||| DROPPING +2 war axe of flaming.
 26113 | Bazaar   | 26113 ||| BUYING embroidered cloak (202 gold).
 26113 | Bazaar   | Bought an embroidered cloak for 202 gold pieces
 26113 | Bazaar   | 26113 ||| BUYING masterwork kite shield (256 gold).
 26113 | Bazaar   | Bought a masterwork kite shield for 256 gold pieces
 26113 | Bazaar   | Identified the +2 kite shield of Least Resistance {*Corrode
                  | Will+ Regen+ Slay+3} (You bought it in a shop in a bazaar)
 26113 | Bazaar   | 26113 ||| BUYING shimmering tower shield (256 gold).
 26113 | Bazaar   | Bought a shimmering tower shield for 256 gold pieces
 26113 | Bazaar   | Identified the +7 tower shield "Rulu" {rPois rC+++ Str+3}
                  | (You bought it in a shop in a bazaar)
 26113 | Bazaar   | 26113 ||| DROPPING +0 cloak.
 26114 | Bazaar   | 26114 ||| UPGRADING to +2 kite shield of Least Resistance
                  | {*Corrode Will+ Regen+ Slay+3}.
 26124 | Bazaar   | 26124 ||| DROPPING +0 buckler.
 26125 | Bazaar   | 26125 ||| UPGRADING to +7 tower shield "Rulu" {rPois rC+++
                  | Str+3}.
 26135 | Bazaar   | 26135 ||| UPGRADING to +1 cloak.
 26145 | Bazaar   | 26145 ||| DROPPING +2 kite shield of Least Resistance
                  | {*Corrode Will+ Regen+ Slay+3}.
 26151 | Shoals:1 | 26151 ||| PLANNING SHOALS:1-3
 26366 | Shoals:1 | 26366 ||| DROPPING amulet of magic regeneration.
 26425 | Shoals:2 | 26425 ||| INVOKING Heroism.
 26458 | Shoals:2 | Received a gift from Okawaru
 26461 | Shoals:2 | 26461 ||| Stepping ~*~*~tactically~*~*~ (hiding).
 26463 | Shoals:2 | 26463 ||| Stepping ~*~*~tactically~*~*~ (hiding).
 26464 | Shoals:2 | 26464 ||| Stepping ~*~*~tactically~*~*~ (hiding).
 26466 | Shoals:2 | 26466 ||| Stepping ~*~*~tactically~*~*~ (hiding).
 26468 | Shoals:2 | 26468 ||| Stepping ~*~*~tactically~*~*~ (hiding).
 26469 | Shoals:2 | 26469 ||| Stepping ~*~*~tactically~*~*~ (hiding).
 26515 | Shoals:2 | 26515 ||| Stepping ~*~*~tactically~*~*~ (stealth).
 26516 | Shoals:2 | 26516 ||| Stepping ~*~*~tactically~*~*~ (stealth).
 26684 | Shoals:2 | 26684 ||| INVOKING Heroism.
 26761 | Shoals:2 | 26761 ||| Stepping ~*~*~tactically~*~*~ (hiding).
 27087 | Shoals:2 | 27087 ||| INVOKING Heroism.
 27103 | Shoals:2 | Reached skill level 12 in Shields
 27118 | Shoals:2 | 27118 ||| INVOKING Heroism.
 27153 | Shoals:2 | Identified the +2 robe "Zucluott" {Regen+ MP+9 Dex-4}
 27415 | Shoals:3 | 27415 ||| INVOKING Heroism.
 27493 | Shoals:3 | Found Ceulajao's Jewellery Shop.
 27510 | Shoals:3 | 27510 ||| BUYING +4 ring of protection (612 gold).
 27510 | Shoals:3 | Bought a +4 ring of protection for 612 gold pieces
 27510 | Shoals:3 | 27510 ||| BUYING +5 ring of evasion (612 gold).
 27510 | Shoals:3 | Bought a +5 ring of evasion for 612 gold pieces
 27510 | Shoals:3 | 27510 ||| SHOPLISTING amulet "Beuzuhi" {Spirit +Inv rC+++
                  | Dex-4 Slay+3} (1414 gold, have 476).
 27510 | Shoals:3 | 27510 ||| BUYING ring of protection from fire (425 gold).
 27510 | Shoals:3 | Bought a ring of protection from fire for 425 gold pieces
 27548 | Shoals:3 | 27548 ||| Stepping ~*~*~tactically~*~*~ (hiding).
 27550 | Shoals:3 | 27550 ||| Stepping ~*~*~tactically~*~*~ (hiding).
 27552 | Shoals:3 | 27552 ||| Stepping ~*~*~tactically~*~*~ (hiding).
 27553 | Shoals:3 | 27553 ||| Stepping ~*~*~tactically~*~*~ (hiding).
 27877 | Shoals:3 | 27877 ||| INVOKING Heroism.
 27891 | Shoals:3 | Received a gift from Okawaru
 28012 | Shoals:3 | 28012 ||| INVOKING Heroism.
 28282 | Shoals:3 | 28282 ||| PLANNING SPIDER:4
 28282 | Shoals:3 | 28282 ||| DROPPING ring of fire.
 28283 | Shoals:3 | 28283 ||| DROPPING ring of see invisible.
 28284 | Shoals:3 | 28284 ||| DROPPING +4 ring of protection.
 28285 | Shoals:3 | 28285 ||| UPGRADING to +5 ring of evasion.
 28287 | Shoals:3 | 28287 ||| UPGRADING to ring of Zeohaceg {rN+ EV+5 Int+3
                  | Dex-4}.
 28475 | Spider:4 | Entered Level 4 of the Spider Nest
 28495 | Spider:4 | 28495 ||| Stepping ~*~*~tactically~*~*~ (hiding).
 28524 | Spider:4 | 28524 ||| Stepping ~*~*~tactically~*~*~ (stealth).
 28530 | Spider:4 | 28530 ||| INVOKING Finesse.
 28588 | Spider:4 | 28588 ||| Stepping ~*~*~tactically~*~*~ (stealth).
 28617 | Spider:4 | 28617 ||| Stepping ~*~*~tactically~*~*~ (stealth).
 28634 | Spider:4 | 28634 ||| INVOKING Finesse.
 28753 | Spider:4 | 28753 ||| READING scroll of enchant weapon.
 28753 | Spider:4 | 28753 ||| ENCHANTING +4 broad axe of flaming.
 28855 | Spider:4 | 28855 ||| Stepping ~*~*~tactically~*~*~ (stealth).
 28860 | Spider:4 | 28860 ||| INVOKING Heroism.
 28880 | Spider:4 | 28880 ||| Stepping ~*~*~tactically~*~*~ (hiding).
 28881 | Spider:4 | 28881 ||| Stepping ~*~*~tactically~*~*~ (hiding).
 28882 | Spider:4 | 28882 ||| Stepping ~*~*~tactically~*~*~ (hiding).
 28883 | Spider:4 | 28883 ||| INVOKING Finesse.
 28893 | Spider:4 | Reached XP level 18. HP: 119/119 MP: 20/25
 28924 | Spider:4 | 28924 ||| Stepping ~*~*~tactically~*~*~ (stealth).
 28925 | Spider:4 | 28925 ||| Stepping ~*~*~tactically~*~*~ (stealth).
 28962 | Spider:4 | Received a gift from Okawaru
 29032 | Spider:4 | 29032 ||| FLEEEEING.
 29039 | Spider:4 | 29039 ||| STAIRDANCE
 29095 | Spider:4 | 29095 ||| INVOKING Heroism.
 29096 | Spider:4 | 29096 ||| INVOKING Finesse.
 29120 | Spider:4 | Reached skill level 15 in Shields
 29134 | Spider:4 | 29134 ||| Stepping ~*~*~tactically~*~*~ (stealth).
 29147 | Spider:4 | 29147 ||| Stepping ~*~*~tactically~*~*~ (stealth).
 29250 | Spider:4 | 29250 ||| Stepping ~*~*~tactically~*~*~ (stealth).
 29321 | Spider:4 | 29321 ||| Stepping ~*~*~tactically~*~*~ (hiding).
 29469 | Spider:4 | Identified the +4 dagger of the Badger {drain, rPois Dex+3}
 29470 | Spider:4 | 29470 ||| INVOKING Finesse.
 29503 | Spider:4 | 29503 ||| Stepping ~*~*~tactically~*~*~ (hiding).
 29517 | Spider:4 | 29517 ||| Stepping ~*~*~tactically~*~*~ (hiding).
 29534 | Spider:4 | 29534 ||| INVOKING Heroism.
 29715 | Spider:4 | 29715 ||| INVOKING Heroism.
 29771 | Spider:4 | 29771 ||| Stepping ~*~*~tactically~*~*~ (stealth).
 29829 | Spider:4 | 29829 ||| INVOKING Heroism.
 29865 | Spider:4 | Received a gift from Okawaru
 30025 | Spider:4 | Got a gossamer rune of Zot
 30097 | Spider:4 | 30097 ||| PLANNING VAULTS:1-4
 30097 | Spider:4 | 30097 ||| DROPPING +2 pair of gloves of hurling.
 30098 | Spider:4 | 30098 ||| DROPPING +1 pair of gloves of hurling.
 30390 | Vaults:1 | Entered Level 1 of the Vaults
 30391 | Vaults:1 | 30391 ||| PLANNING BAZAAR
 30418 | Vaults:1 | 30418 ||| Stepping randomly (stuck).
 30419 | Vaults:1 | 30419 ||| Stepping randomly (stuck).
 30420 | Vaults:1 | 30420 ||| Stepping randomly (stuck).
 30421 | Vaults:1 | 30421 ||| Stepping randomly (stuck).
 30422 | Vaults:1 | 30422 ||| Stepping randomly (stuck).
 30423 | Vaults:1 | 30423 ||| Stepping randomly (stuck).
 30424 | Vaults:1 | 30424 ||| Stepping randomly (stuck).
 30425 | Vaults:1 | 30425 ||| Stepping randomly (stuck).
 30426 | Vaults:1 | 30426 ||| Stepping randomly (stuck).
 30427 | Vaults:1 | 30427 ||| Stepping randomly (stuck).
 30428 | Vaults:1 | 30428 ||| Stepping randomly (stuck).
 30429 | Vaults:1 | 30429 ||| Stepping randomly (stuck).
 30430 | Vaults:1 | 30430 ||| Stepping randomly (stuck).
 30431 | Vaults:1 | 30431 ||| Stepping randomly (stuck).
 30432 | Vaults:1 | 30432 ||| Stepping randomly (stuck).
 30433 | Vaults:1 | 30433 ||| Stepping randomly (stuck).
 30434 | Vaults:1 | 30434 ||| Stepping randomly (stuck).
 30435 | Vaults:1 | 30435 ||| Stepping randomly (stuck).
 30436 | Vaults:1 | 30436 ||| Stepping randomly (stuck).
 30437 | Vaults:1 | 30437 ||| Stepping randomly (stuck).
 30438 | Vaults:1 | 30438 ||| Stepping randomly (stuck).
 30439 | Vaults:1 | 30439 ||| Stepping randomly (stuck).
 30440 | Vaults:1 | 30440 ||| Stepping randomly (stuck).
 30441 | Vaults:1 | 30441 ||| Stepping randomly (stuck).
 30442 | Vaults:1 | 30442 ||| Stepping randomly (stuck).
 30443 | Vaults:1 | 30443 ||| Stepping randomly (stuck).
 30444 | Vaults:1 | 30444 ||| Stepping randomly (stuck).
 30445 | Vaults:1 | 30445 ||| Stepping randomly (stuck).
 30446 | Vaults:1 | 30446 ||| Stepping randomly (stuck).
 30447 | Vaults:1 | 30447 ||| Stepping randomly (stuck).
 30448 | Vaults:1 | 30448 ||| Stepping randomly (stuck).
 30449 | Vaults:1 | 30449 ||| Stepping randomly (stuck).
 30450 | Vaults:1 | 30450 ||| Stepping randomly (stuck).
 30451 | Vaults:1 | 30451 ||| Stepping randomly (stuck).
 30452 | Vaults:1 | 30452 ||| Stepping randomly (stuck).
 30453 | Vaults:1 | 30453 ||| Stepping randomly (stuck).
 30454 | Vaults:1 | 30454 ||| Stepping randomly (stuck).
 30455 | Vaults:1 | 30455 ||| Stepping randomly (stuck).
 30456 | Vaults:1 | 30456 ||| Stepping randomly (stuck).
 30457 | Vaults:1 | 30457 ||| Stepping randomly (stuck).
 30458 | Vaults:1 | 30458 ||| Stepping randomly (stuck).
 30459 | Vaults:1 | 30459 ||| Stepping randomly (stuck).
 30460 | Vaults:1 | 30460 ||| Stepping randomly (stuck).
 30461 | Vaults:1 | 30461 ||| Stepping randomly (stuck).
 30462 | Vaults:1 | 30462 ||| Stepping randomly (stuck).
 30463 | Vaults:1 | 30463 ||| Stepping randomly (stuck).
 30464 | Vaults:1 | 30464 ||| Stepping randomly (stuck).
 30465 | Vaults:1 | 30465 ||| Stepping randomly (stuck).
 30466 | Vaults:1 | 30466 ||| Stepping randomly (stuck).
 30467 | Vaults:1 | 30467 ||| Stepping randomly (stuck).
 30468 | Vaults:1 | 30468 ||| Stepping randomly (stuck).
 30469 | Vaults:1 | 30469 ||| READING 14 scrolls of teleportation.
 30471 | Vaults:1 | Found a flickering gateway to a bazaar.
 30520 | Bazaar   | Entered a bazaar
 30528 | Bazaar   | Found Mezi Uho's Book Shop.
 30528 | Bazaar   | Found Maosirch's Jewellery Shop.
 30564 | Vaults:1 | 30564 ||| PLANNING VAULTS:1-4
 30573 | Vaults:1 | 30573 ||| INVOKING Heroism.
 30574 | Vaults:1 | 30574 ||| INVOKING Finesse.
 30652 | Vaults:1 | Noticed a lich
 30653 | Vaults:1 | 30653 ||| INVOKING Heroism.
 30663 | Vaults:1 | Killed a lich
 31045 | Vaults:1 | 31045 ||| Stepping ~*~*~tactically~*~*~ (stealth).
 31101 | Vaults:1 | Received a gift from Okawaru
 31134 | Vaults:1 | 31134 ||| INVOKING Finesse.
 31398 | Vaults:1 | 31398 ||| Stepping ~*~*~tactically~*~*~ (stealth).
 31411 | Vaults:1 | Received a gift from Okawaru
 31462 | Vaults:1 | Reached skill level 18 in Shields
 31692 | Vaults:1 | 31692 ||| FLEEEEING.
 31693 | Vaults:1 | 31693 ||| FLEEEEING.
 31694 | Vaults:1 | 31694 ||| FLEEEEING.
 31695 | Vaults:1 | 31695 ||| FLEEEEING.
 31696 | Vaults:1 | 31696 ||| FLEEEEING.
 31697 | Vaults:1 | 31697 ||| FLEEEEING.
 31698 | Vaults:1 | 31698 ||| FLEEEEING.
 31699 | Vaults:1 | 31699 ||| FLEEEEING.
 31700 | Vaults:1 | 31700 ||| FLEEEEING.
 31701 | Vaults:1 | 31701 ||| FLEEEEING.
 31702 | Vaults:1 | 31702 ||| FLEEEEING.
 31703 | Vaults:1 | 31703 ||| FLEEEEING.
 31704 | Vaults:1 | 31704 ||| FLEEEEING.
 31705 | Vaults:1 | 31705 ||| FLEEEEING.
 31706 | Vaults:1 | 31706 ||| FLEEEEING.
 31707 | Vaults:1 | 31707 ||| FLEEEEING.
 31708 | Vaults:1 | 31708 ||| FLEEEEING.
 31714 | Vaults:1 | 31714 ||| FLEEEEING.
 31715 | Vaults:1 | 31715 ||| FLEEEEING.
 31716 | Vaults:1 | 31716 ||| FLEEEEING.
 31717 | Vaults:1 | 31717 ||| FLEEEEING.
 31718 | Vaults:1 | 31718 ||| FLEEEEING.
 31719 | Vaults:1 | 31719 ||| FLEEEEING.
 31724 | Vaults:1 | 31724 ||| FLEEEEING.
 31725 | Vaults:1 | 31725 ||| FLEEEEING.
 31726 | Vaults:1 | 31726 ||| FLEEEEING.
 31727 | Vaults:1 | 31727 ||| FLEEEEING.
 31728 | Vaults:1 | 31728 ||| FLEEEEING.
 31729 | Vaults:1 | 31729 ||| FLEEEEING.
 31730 | Vaults:1 | 31730 ||| FLEEEEING.
 31731 | Vaults:1 | 31731 ||| FLEEEEING.
 31732 | Vaults:1 | 31732 ||| FLEEEEING.
 31737 | Vaults:1 | 31737 ||| FLEEEEING.
 31739 | Vaults:1 | 31739 ||| FLEEEEING.
 31740 | Vaults:1 | 31740 ||| FLEEEEING.
 31741 | Vaults:1 | 31741 ||| FLEEEEING.
 31743 | Vaults:1 | 31743 ||| STAIRDANCE
 32062 | Vaults:2 | Received a gift from Okawaru
 32080 | Vaults:2 | 32080 ||| FLEEEEING.
 32081 | Vaults:2 | 32081 ||| FLEEEEING.
 32083 | Vaults:2 | 32083 ||| FLEEEEING.
 32084 | Vaults:2 | 32084 ||| FLEEEEING.
 32085 | Vaults:2 | 32085 ||| FLEEEEING.
 32086 | Vaults:2 | 32086 ||| FLEEEEING.
 32087 | Vaults:2 | 32087 ||| FLEEEEING.
 32088 | Vaults:2 | 32088 ||| FLEEEEING.
 32094 | Vaults:2 | 32094 ||| STAIRDANCE
 32202 | Vaults:2 | 32202 ||| Stepping ~*~*~tactically~*~*~ (hiding).
 32221 | Vaults:2 | Paralysed by a vampire knight for 2 turns
 32231 | Vaults:2 | Reached XP level 19. HP: 121/124 MP: 26/26
 32281 | Vaults:2 | 32281 ||| INVOKING Heroism.
 32397 | Vaults:2 | Found a staircase to the Crypt.
 32403 | Vaults:2 | 32403 ||| Stepping ~*~*~tactically~*~*~ (hiding).
 32418 | Vaults:2 | 32418 ||| Stepping ~*~*~tactically~*~*~ (stealth).
 32420 | Vaults:2 | 32420 ||| Stepping ~*~*~tactically~*~*~ (hiding).
 32425 | Vaults:2 | 32425 ||| Stepping ~*~*~tactically~*~*~ (hiding).
 32519 | Vaults:2 | Reached skill level 15 in Armour
 32531 | Vaults:2 | 32531 ||| INVOKING Heroism.
 32532 | Vaults:2 | Received a gift from Okawaru
 32729 | Vaults:2 | 32729 ||| Stepping ~*~*~tactically~*~*~ (hiding).
 33062 | Vaults:2 | 33062 ||| Stepping ~*~*~tactically~*~*~ (hiding).
 33063 | Vaults:2 | 33063 ||| Stepping ~*~*~tactically~*~*~ (hiding).
 33064 | Vaults:2 | 33064 ||| Stepping ~*~*~tactically~*~*~ (hiding).
 33095 | Vaults:2 | Paralysed by something for 3 turns
 33273 | Vaults:2 | 33273 ||| READING scroll of enchant armour.
 33273 | Vaults:2 | 33273 ||| ENCHANTING +1 cloak.
 33520 | Vaults:2 | 33520 ||| Stepping ~*~*~tactically~*~*~ (stealth).
 33521 | Vaults:2 | 33521 ||| Stepping ~*~*~tactically~*~*~ (stealth).
 33536 | Vaults:2 | Reached skill level 16 in Fighting
 33604 | Vaults:3 | 33604 ||| FLEEEEING.
 33605 | Vaults:3 | 33605 ||| FLEEEEING.
 33606 | Vaults:3 | 33606 ||| FLEEEEING.
 33607 | Vaults:3 | 33607 ||| FLEEEEING.
 33608 | Vaults:3 | 33608 ||| FLEEEEING.
 33609 | Vaults:3 | 33609 ||| Stepping ~*~*~tactically~*~*~ (hiding).
 33611 | Vaults:3 | 33611 ||| Stepping ~*~*~tactically~*~*~ (hiding).
 33612 | Vaults:3 | 33612 ||| FLEEEEING.
 33613 | Vaults:3 | 33613 ||| Stepping ~*~*~tactically~*~*~ (hiding).
 33616 | Vaults:3 | 33616 ||| INVOKING Heroism.
 33618 | Vaults:3 | 33618 ||| INVOKING Finesse.
 33619 | Vaults:3 | 33619 ||| INVOKING Finesse.
 33637 | Vaults:3 | Identified the +5 eveningstar of the Priest {drain, *Rage
                  | rElec rN+ Will++} (Okawaru gifted it to you on level 3 of
                  | the Vaults)
 33637 | Vaults:3 | Received a gift from Okawaru
 33973 | Vaults:3 | 33973 ||| INVOKING Heroism.
 33974 | Vaults:3 | 33974 ||| INVOKING Finesse.
 34002 | Vaults:3 | Received a gift from Okawaru
 34153 | Vaults:3 | Identified the +9 ring mail "Pogrees" {+Inv}
 34183 | Vaults:3 | 34183 ||| READING scroll of brand weapon.
 34183 | Vaults:3 | 34183 ||| BRANDING +5 broad axe of flaming.
 34371 | Vaults:3 | 34371 ||| Stepping ~*~*~tactically~*~*~ (stealth).
 34372 | Vaults:3 | 34372 ||| Stepping ~*~*~tactically~*~*~ (stealth).
 34405 | Vaults:3 | Identified the +1 robe "Femoefyo" {Fly}
 34462 | Vaults:3 | 34462 ||| INVOKING Heroism.
 34463 | Vaults:3 | 34463 ||| INVOKING Finesse.
 34547 | Vaults:3 | 34547 ||| Stepping ~*~*~tactically~*~*~ (stealth).
 34549 | Vaults:3 | 34549 ||| Stepping ~*~*~tactically~*~*~ (stealth).
 34551 | Vaults:3 | 34551 ||| Stepping ~*~*~tactically~*~*~ (stealth).
 34563 | Vaults:3 | Reached skill level 17 in Fighting
 34765 | Vaults:3 | 34765 ||| Stepping ~*~*~tactically~*~*~ (stealth).
 34767 | Vaults:3 | 34767 ||| INVOKING Heroism.
 34768 | Vaults:3 | 34768 ||| INVOKING Finesse.
 34773 | Vaults:3 | Reached XP level 20. HP: 134/134 MP: 19/27
 34874 | Vaults:3 | 34874 ||| Stepping ~*~*~tactically~*~*~ (stealth).
 34882 | Vaults:3 | 34882 ||| Stepping ~*~*~tactically~*~*~ (hiding).
 34888 | Vaults:3 | 34888 ||| Stepping ~*~*~tactically~*~*~ (hiding).
 35036 | Vaults:3 | Found Jyont's Armour Boutique.
 35178 | Vaults:3 | 35178 ||| UPGRADING to amulet of faith.
 35236 | Vaults:4 | 35236 ||| PLANNING DESOLATION
 35241 | Vaults:4 | 35241 ||| Stepping ~*~*~tactically~*~*~ (hiding).
 35248 | Vaults:4 | 35248 ||| Stepping ~*~*~tactically~*~*~ (hiding).
 35251 | Vaults:4 | 35251 ||| Stepping ~*~*~tactically~*~*~ (hiding).
 35263 | Vaults:4 | 35263 ||| STAIRDANCE
 35302 | Vaults:4 | 35302 ||| STAIRDANCE
 35614 | Vaults:4 | 35614 ||| Stepping ~*~*~tactically~*~*~ (hiding).
 35615 | Vaults:4 | 35615 ||| Stepping ~*~*~tactically~*~*~ (hiding).
 35616 | Vaults:4 | 35616 ||| Stepping ~*~*~tactically~*~*~ (hiding).
 35617 | Vaults:4 | 35617 ||| Stepping ~*~*~tactically~*~*~ (hiding).
 35666 | Vaults:4 | 35666 ||| Stepping ~*~*~tactically~*~*~ (stealth).
 35669 | Vaults:4 | 35669 ||| Stepping ~*~*~tactically~*~*~ (hiding).
 35670 | Vaults:4 | 35670 ||| Stepping ~*~*~tactically~*~*~ (hiding).
 35671 | Vaults:4 | 35671 ||| Stepping ~*~*~tactically~*~*~ (hiding).
 35682 | Vaults:4 | 35682 ||| INVOKING Heroism.
 35683 | Vaults:4 | 35683 ||| INVOKING Finesse.
 35733 | Vaults:4 | Reached skill level 9 in Throwing
 35812 | Vaults:4 | Found a crumbling gateway.
 35814 | Vaults:4 | 35814 ||| Stepping ~*~*~tactically~*~*~ (stealth).
 35815 | Vaults:4 | 35815 ||| Stepping ~*~*~tactically~*~*~ (stealth).
 35821 | Vaults:4 | Received a gift from Okawaru
 35828 | Vaults:4 | Found a glowing golden altar of the Shining One.
 35828 | Vaults:4 | Found a white marble altar of Elyvilon.
 35828 | Vaults:4 | Found a glowing silver altar of Zin.
 35851 | Desolati | Entered the Desolation of Salt
 35947 | Desolati | Identified the +8 orcbow of Animal Spirits {flame, Int+4}
 35950 | Desolati | Identified the +1 short sword of Interdependent Arising
                  | {heavy, rPois}
 35953 | Desolati | Identified the amulet of Oenomania {rPois Regen+ rCorr
                  | Str-2 Stlth+}
 35991 | Desolati | Received a gift from Okawaru
 36026 | Desolati | Identified the +4 dagger "Spiderbane" {vamp, Will+}
 36092 | Desolati | 36092 ||| Stepping ~*~*~tactically~*~*~ (stealth).
 36094 | Desolati | 36094 ||| Stepping ~*~*~tactically~*~*~ (stealth).
 36097 | Desolati | 36097 ||| Stepping ~*~*~tactically~*~*~ (hiding).
 36098 | Desolati | 36098 ||| Stepping ~*~*~tactically~*~*~ (hiding).
 36116 | Desolati | 36116 ||| Stepping ~*~*~tactically~*~*~ (stealth).
 36347 | Desolati | 36347 ||| DROPPING +0 plate armour of poison resistance.
 36367 | Vaults:4 | 36367 ||| PLANNING VAULTS:1-4
 36450 | Vaults:4 | Reached skill level 18 in Fighting
 36450 | Vaults:4 | 36450 ||| FLEEEEING.
 36451 | Vaults:4 | 36451 ||| FLEEEEING.
 36455 | Vaults:4 | 36455 ||| FLEEEEING.
 36456 | Vaults:4 | 36456 ||| FLEEEEING.
 36457 | Vaults:4 | 36457 ||| FLEEEEING.
 36458 | Vaults:4 | 36458 ||| FLEEEEING.
 36459 | Vaults:4 | 36459 ||| FLEEEEING.
 36460 | Vaults:4 | 36460 ||| FLEEEEING.
 36462 | Vaults:4 | 36462 ||| FLEEEEING.
 36475 | Vaults:4 | Received a gift from Okawaru
 36491 | Vaults:4 | 36491 ||| Stepping ~*~*~tactically~*~*~ (hiding).
 36495 | Vaults:4 | 36495 ||| Stepping ~*~*~tactically~*~*~ (hiding).
 36858 | Vaults:4 | Found an opulent altar of Gozag.
 36858 | Vaults:4 | Found Gozag's Assorted Antiques.
 36862 | Vaults:4 | Found Gozag's Assorted Antiques.
 36864 | Vaults:4 | 36864 ||| DROPPING +1 pair of gloves.
 36866 | Vaults:4 | Found Gozag's Antique Armour Emporium.
 36903 | Vaults:4 | 36903 ||| BUYING potion of might (400 gold).
 36903 | Vaults:4 | Bought a potion of might for 400 gold pieces
 36903 | Vaults:4 | 36903 ||| SHOPLISTING scroll of enchant armour (750 gold,
                  | have 694).
 36903 | Vaults:4 | 36903 ||| BUYING scroll of teleportation (300 gold).
 36903 | Vaults:4 | Bought a scroll of teleportation for 300 gold pieces
 36911 | Vaults:4 | 36911 ||| SHOPLISTING diamond-encrusted plate armour (2800
                  | gold, have 394).
 36911 | Vaults:4 | 36911 ||| SHOPLISTING glowing plate armour (2600 gold, have
                  | 394).
 36911 | Vaults:4 | 36911 ||| SHOPLISTING pair of embroidered gloves (750 gold,
                  | have 394).
 37036 | Vaults:4 | 37036 ||| Stepping ~*~*~tactically~*~*~ (hiding).
 37037 | Vaults:4 | 37037 ||| FLEEEEING.
 37038 | Vaults:4 | 37038 ||| FLEEEEING.
 37039 | Vaults:4 | 37039 ||| FLEEEEING.
 37040 | Vaults:4 | 37040 ||| FLEEEEING.
 37044 | Vaults:4 | 37044 ||| FLEEEEING.
 37045 | Vaults:4 | 37045 ||| FLEEEEING.
 37046 | Vaults:4 | 37046 ||| FLEEEEING.
 37047 | Vaults:4 | 37047 ||| FLEEEEING.
 37048 | Vaults:4 | 37048 ||| FLEEEEING.
 37049 | Vaults:4 | 37049 ||| FLEEEEING.
 37050 | Vaults:4 | 37050 ||| FLEEEEING.
 37051 | Vaults:4 | 37051 ||| FLEEEEING.
 37052 | Vaults:4 | 37052 ||| FLEEEEING.
 37053 | Vaults:4 | 37053 ||| FLEEEEING.
 37054 | Vaults:4 | 37054 ||| FLEEEEING.
 37055 | Vaults:4 | 37055 ||| FLEEEEING.
 37056 | Vaults:4 | 37056 ||| FLEEEEING.
 37057 | Vaults:4 | 37057 ||| FLEEEEING.
 37058 | Vaults:4 | 37058 ||| FLEEEEING.
 37059 | Vaults:4 | 37059 ||| FLEEEEING.
 37060 | Vaults:4 | 37060 ||| FLEEEEING.
 37061 | Vaults:4 | 37061 ||| FLEEEEING.
 37062 | Vaults:4 | 37062 ||| FLEEEEING.
 37063 | Vaults:4 | 37063 ||| FLEEEEING.
 37064 | Vaults:4 | 37064 ||| FLEEEEING.
 37065 | Vaults:4 | 37065 ||| FLEEEEING.
 37066 | Vaults:4 | 37066 ||| FLEEEEING.
 37302 | Vaults:4 | 37302 ||| Stepping ~*~*~tactically~*~*~ (hiding).
 37870 | Vaults:4 | 37870 ||| READING scroll of enchant weapon.
 37870 | Vaults:4 | 37870 ||| ENCHANTING +5 spectral broad axe.
 37876 | Vaults:4 | 37876 ||| Stepping ~*~*~tactically~*~*~ (hiding).
 37877 | Vaults:4 | 37877 ||| Stepping ~*~*~tactically~*~*~ (hiding).
 37878 | Vaults:4 | 37878 ||| INVOKING Finesse.
 37895 | Vaults:4 | 37895 ||| Stepping ~*~*~tactically~*~*~ (hiding).
 37896 | Vaults:4 | 37896 ||| Stepping ~*~*~tactically~*~*~ (hiding).
 37897 | Vaults:4 | 37897 ||| Stepping ~*~*~tactically~*~*~ (hiding).
 37898 | Vaults:4 | 37898 ||| Stepping ~*~*~tactically~*~*~ (hiding).
 38002 | Vaults:4 | 38002 ||| Stepping ~*~*~tactically~*~*~ (stealth).
 38070 | Vaults:4 | 38070 ||| PLANNING SHOALS:4
 38070 | Vaults:4 | 38070 ||| DROPPING +3 chain mail of fire resistance.
 38408 | Shoals:4 | Entered Level 4 of the Shoals
 38408 | Shoals:4 | Noticed Louise
 38410 | Shoals:4 | Noticed Ilsuiw
 38411 | Shoals:4 | 38411 ||| INVOKING Heroism.
 38412 | Shoals:4 | 38412 ||| INVOKING Finesse.
 38426 | Shoals:4 | Killed Ilsuiw
 38443 | Shoals:4 | Killed Louise
 38487 | Shoals:4 | Noticed Donald
 38498 | Shoals:4 | Killed Donald
 38541 | Shoals:4 | Reached XP level 21. HP: 141/141 MP: 28/28
 38581 | Shoals:4 | Reached skill level 18 in Armour
 38740 | Shoals:4 | 38740 ||| Stepping ~*~*~tactically~*~*~ (hiding).
 38800 | Shoals:4 | Received a gift from Okawaru
 38958 | Shoals:4 | Identified the ring of Kehueteus {rPois AC+4 Str+4}
 39245 | Shoals:4 | 39245 ||| Stepping ~*~*~tactically~*~*~ (hiding).
 39247 | Shoals:4 | 39247 ||| INVOKING Heroism.
 39248 | Shoals:4 | 39248 ||| INVOKING Finesse.
 39315 | Shoals:4 | Got a barnacled rune of Zot
 39468 | Shoals:4 | 39468 ||| PLANNING DEPTHS
 39468 | Shoals:4 | 39468 ||| DROPPING +0 ice dragon scales.
 39469 | Shoals:4 | 39469 ||| DROPPING +2 helmet of intelligence.
 39470 | Shoals:4 | 39470 ||| DROPPING ring of protection from fire.
 39471 | Shoals:4 | 39471 ||| DROPPING ring of positive energy.
 39472 | Shoals:4 | 39472 ||| UPGRADING to ring of Kehueteus {rPois AC+4
                  | Str+4}.
 39474 | Shoals:4 | 39474 ||| DROPPING +4 ring of protection.
 39475 | Shoals:4 | 39475 ||| UPGRADING to +5 ring of evasion.
 39477 | Shoals:4 | 39477 ||| DROPPING ring of Zeohaceg {rN+ EV+5 Int+3 Dex-4}.
 39774 | Depths:1 | Entered Level 1 of the Depths
 39832 | Depths:1 | 39832 ||| Stepping ~*~*~tactically~*~*~ (hiding).
 39834 | Depths:1 | 39834 ||| Stepping ~*~*~tactically~*~*~ (hiding).
 39844 | Depths:1 | 39844 ||| FLEEEEING.
 39846 | Depths:1 | 39846 ||| FLEEEEING.
 39847 | Depths:1 | 39847 ||| FLEEEEING.
 39848 | Depths:1 | 39848 ||| FLEEEEING.
 39851 | Depths:1 | 39851 ||| FLEEEEING.
 39855 | Depths:1 | 39855 ||| FLEEEEING.
 39856 | Depths:1 | 39856 ||| FLEEEEING.
 40006 | Depths:1 | 40006 ||| Stepping ~*~*~tactically~*~*~ (hiding).
 40007 | Depths:1 | 40007 ||| Stepping ~*~*~tactically~*~*~ (hiding).
 40064 | Depths:1 | 40064 ||| Stepping ~*~*~tactically~*~*~ (stealth).
 40067 | Depths:1 | 40067 ||| Stepping ~*~*~tactically~*~*~ (stealth).
 40114 | Depths:1 | 40114 ||| Stepping ~*~*~tactically~*~*~ (hiding).
 40131 | Depths:1 | 40131 ||| Stepping ~*~*~tactically~*~*~ (stealth).
 40132 | Depths:1 | 40132 ||| Stepping ~*~*~tactically~*~*~ (stealth).
 40134 | Depths:1 | 40134 ||| Stepping ~*~*~tactically~*~*~ (stealth).
 40142 | Depths:1 | 40142 ||| Stepping ~*~*~tactically~*~*~ (hiding).
 40162 | Depths:1 | Reached skill level 6 in Dodging
 40198 | Depths:1 | Found a hide-covered altar of Uskayaw.
 40295 | Depths:1 | Noticed a bone dragon
 40296 | Depths:1 | Found a gateway to Hell.
 40297 | Depths:1 | Found a one-way gate leading to the halls of Pandemonium.
 40334 | Depths:1 | Killed a bone dragon
 40334 | Depths:1 | Identified the scarf "Cakhlole" {+Inv, +Blink} (Okawaru
                  | gifted it to you on level 1 of the Depths)
 40334 | Depths:1 | Received a gift from Okawaru
 40416 | Depths:1 | Found Tiajaoz's Book Shop.
 40416 | Depths:1 | Found Gapo Hah's Jewellery Shoppe.
 40417 | Depths:1 | Found Lifywn's Jewellery Shoppe.
 40424 | Depths:1 | 40424 ||| BUYING ring of ice (500 gold).
 40424 | Depths:1 | Bought a ring of ice for 500 gold pieces
 40505 | Depths:1 | Reached ****** piety under Okawaru
 40728 | Depths:1 | 40728 ||| INVOKING Heroism.
 40729 | Depths:1 | 40729 ||| INVOKING Finesse.
 40788 | Depths:1 | 40788 ||| READING scroll of enchant weapon.
 40788 | Depths:1 | 40788 ||| ENCHANTING +6 spectral broad axe.
 40789 | Depths:1 | 40789 ||| DROPPING +7 broad axe of draining.
 40921 | Depths:1 | 40921 ||| DROPPING scarf "Cakhlole" {+Inv, +Blink}.
 40978 | Depths:2 | 40978 ||| Stepping ~*~*~tactically~*~*~ (hiding).
 40996 | Depths:2 | Reached skill level 19 in Fighting
 41000 | Depths:2 | 41000 ||| STAIRDANCE
 41025 | Depths:2 | 41025 ||| STAIRDANCE
 41058 | Depths:2 | 41058 ||| STAIRDANCE
 41083 | Depths:2 | 41083 ||| STAIRDANCE
 41191 | Depths:2 | 41191 ||| DRINKING 13 potions of curing.
 41191 | Depths:2 | 41191 ||| (to cure confusion)
 41192 | Depths:2 | 41192 ||| INVOKING Heroism.
 41193 | Depths:2 | 41193 ||| INVOKING Finesse.
 41194 | Depths:2 | 41194 ||| DRINKING 12 potions of curing.
 41194 | Depths:2 | 41194 ||| (to cure confusion)
 41224 | Depths:2 | 41224 ||| INVOKING Finesse.
 41311 | Depths:2 | 41311 ||| Stepping ~*~*~tactically~*~*~ (stealth).
 41314 | Depths:2 | 41314 ||| Stepping ~*~*~tactically~*~*~ (hiding).
 41315 | Depths:2 | 41315 ||| Stepping ~*~*~tactically~*~*~ (hiding).
 41346 | Depths:2 | 41346 ||| Stepping ~*~*~tactically~*~*~ (stealth).
 41379 | Depths:2 | 41379 ||| Stepping ~*~*~tactically~*~*~ (stealth).
 41381 | Depths:2 | 41381 ||| INVOKING Heroism.
 41382 | Depths:2 | 41382 ||| INVOKING Finesse.
 41432 | Depths:2 | 41432 ||| Stepping ~*~*~tactically~*~*~ (stealth).
 41441 | Depths:2 | 41441 ||| Stepping ~*~*~tactically~*~*~ (hiding).
 41445 | Depths:2 | Received a gift from Okawaru
 41456 | Depths:2 | Paralysed by a vampire knight for 5 turns
 41464 | Depths:2 | Gained mutation: You are weak. (Str -2) [a shining eye]
 41467 | Depths:2 | 41467 ||| Stepping ~*~*~tactically~*~*~ (hiding).
 41468 | Depths:2 | 41468 ||| Stepping ~*~*~tactically~*~*~ (hiding).
 41469 | Depths:2 | 41469 ||| Stepping ~*~*~tactically~*~*~ (hiding).
 41470 | Depths:2 | Paralysed by something for 4 turns
 41474 | Depths:2 | 41474 ||| INVOKING Heroism.
 41607 | Depths:2 | Received a gift from Okawaru
 41610 | Depths:2 | Reached XP level 22. HP: 149/149 MP: 29/29
 41610 | Depths:2 | 41610 ||| Stepping ~*~*~tactically~*~*~ (hiding).
 41821 | Depths:2 | 41821 ||| READING scroll of enchant weapon.
 41821 | Depths:2 | 41821 ||| ENCHANTING +7 spectral broad axe.
 41841 | Depths:2 | 41841 ||| Stepping ~*~*~tactically~*~*~ (stealth).
 41909 | Depths:2 | You are sucked into a shaft and drop 1 floor!
 41910 | Depths:3 | 41910 ||| INVOKING Heroism.
 41911 | Depths:3 | 41911 ||| INVOKING Finesse.
 41916 | Depths:3 | Received a gift from Okawaru
 42106 | Depths:3 | 42106 ||| INVOKING Heroism.
 42114 | Depths:3 | Noticed a golden dragon
 42115 | Depths:3 | 42115 ||| INVOKING Finesse.
 42126 | Depths:3 | Killed a golden dragon
 42131 | Depths:3 | Received a gift from Okawaru
 42171 | Depths:3 | Received a gift from Okawaru
 42185 | Depths:3 | Reached skill level 20 in Fighting
 42219 | Depths:3 | 42219 ||| DROPPING +0 plate armour of cold resistance.
 42221 | Depths:3 | 42221 ||| INVOKING Heroism.
 42239 | Depths:3 | 42239 ||| DRINKING 11 potions of curing.
 42239 | Depths:3 | 42239 ||| (to cure confusion)
 42274 | Depths:3 | 42274 ||| INVOKING Heroism.
 42280 | Depths:3 | Noticed a golden dragon
 42281 | Depths:3 | 42281 ||| INVOKING Finesse.
 42286 | Depths:3 | 42286 ||| Stepping ~*~*~tactically~*~*~ (hiding).
 42287 | Depths:3 | 42287 ||| Stepping ~*~*~tactically~*~*~ (hiding).
 42303 | Depths:3 | Killed a golden dragon
 42303 | Depths:3 | Received a gift from Okawaru
 42324 | Depths:3 | 42324 ||| Stepping ~*~*~tactically~*~*~ (hiding).
 42339 | Depths:3 | 42339 ||| Stepping ~*~*~tactically~*~*~ (stealth).
 42344 | Depths:3 | 42344 ||| Stepping ~*~*~tactically~*~*~ (stealth).
 42346 | Depths:3 | 42346 ||| INVOKING Heroism.
 42418 | Depths:3 | Identified the +3 ring mail "Mucsyas" {-Tele Fly rPois
                  | Dex+5}
 42500 | Depths:3 | 42500 ||| UPGRADING to +0 gold dragon scales.
 42502 | Depths:3 | 42502 ||| UPGRADING to +0 gold dragon scales.
 42524 | Depths:3 | 42524 ||| UPGRADING to +0 gold dragon scales.
 42534 | Depths:3 | 42534 ||| DROPPING +1 plate armour of fire resistance.
 42535 | Depths:3 | 42535 ||| READING scroll of enchant armour.
 42535 | Depths:3 | 42535 ||| ENCHANTING +0 gold dragon scales.
 42536 | Depths:3 | 42536 ||| DROPPING +3 plate armour of cold resistance.
 42675 | Depths:2 | 42675 ||| READING scroll of acquirement.
 42675 | Depths:2 | 42675 ||| ACQUIRING 1045 gold pieces
 42675 | Depths:2 | Acquired 1045 gold pieces
 42679 | Depths:2 | 42679 ||| Stepping ~*~*~tactically~*~*~ (stealth).
 42801 | Depths:2 | 42801 ||| Stepping ~*~*~tactically~*~*~ (stealth).
 42802 | Depths:2 | 42802 ||| Stepping ~*~*~tactically~*~*~ (stealth).
 42804 | Depths:2 | 42804 ||| Stepping ~*~*~tactically~*~*~ (hiding).
 42806 | Depths:2 | 42806 ||| Stepping ~*~*~tactically~*~*~ (hiding).
 42833 | Depths:2 | Identified the +6 crystal plate armour "Laol" {rF+}
                  | (Okawaru gifted it to you on level 2 of the Depths)
 42833 | Depths:2 | Received a gift from Okawaru
 42845 | Depths:2 | 42845 ||| INVOKING Finesse.
 42955 | Depths:2 | 42955 ||| Stepping ~*~*~tactically~*~*~ (stealth).
 42957 | Depths:2 | 42957 ||| INVOKING Finesse.
 43056 | Depths:2 | Identified the +10 sling of Pagoimehi {heavy, rElec}
 43079 | Depths:2 | 43079 ||| INVOKING Heroism.
 43080 | Depths:2 | 43080 ||| INVOKING Finesse.
 43195 | Depths:2 | 43195 ||| Stepping ~*~*~tactically~*~*~ (hiding).
 43197 | Depths:2 | 43197 ||| Stepping ~*~*~tactically~*~*~ (hiding).
 43332 | Depths:2 | 43332 ||| INVOKING Heroism.
 43350 | Depths:2 | 43350 ||| Stepping ~*~*~tactically~*~*~ (stealth).
 43352 | Depths:2 | 43352 ||| Stepping ~*~*~tactically~*~*~ (stealth).
 43390 | Depths:2 | 43390 ||| DRINKING 14 potions of curing.
 43390 | Depths:2 | 43390 ||| (to cure confusion)
 43391 | Depths:2 | 43391 ||| INVOKING Heroism.
 43394 | Depths:2 | 43394 ||| DRINKING 13 potions of curing.
 43394 | Depths:2 | 43394 ||| (to cure confusion)
 43756 | Depths:2 | 43756 ||| UPGRADING to +6 crystal plate armour "Laol"
                  | {rF+}.
 43766 | Depths:2 | 43766 ||| DROPPING +1 gold dragon scales.
 43767 | Depths:2 | 43767 ||| DROPPING +10 plate armour of ponderousness.
 43768 | Depths:2 | 43768 ||| DROPPING amulet of regeneration.
 43850 | Depths:3 | Found a one-way gate to the infinite horrors of the Abyss.
 44003 | Depths:3 | 44003 ||| INVOKING Heroism.
 44534 | Depths:3 | 44534 ||| Stepping randomly (stuck).
 44558 | Depths:4 | Entered Level 4 of the Depths
 44559 | Depths:4 | 44559 ||| PLANNING BAZAAR
 44561 | Depths:4 | 44561 ||| INVOKING Heroism.
 44567 | Depths:4 | Reached XP level 23. HP: 147/156 MP: 28/30
 44594 | Depths:4 | 44594 ||| INVOKING Heroism.
 44601 | Depths:4 | Reached skill level 21 in Armour
 44701 | Depths:4 | 44701 ||| Stepping randomly (stuck).
 44702 | Depths:4 | 44702 ||| Stepping randomly (stuck).
 44703 | Depths:4 | 44703 ||| Stepping randomly (stuck).
 44704 | Depths:4 | 44704 ||| Stepping randomly (stuck).
 44705 | Depths:4 | 44705 ||| Stepping randomly (stuck).
 44706 | Depths:4 | 44706 ||| Stepping randomly (stuck).
 44707 | Depths:4 | 44707 ||| Stepping randomly (stuck).
 44708 | Depths:4 | 44708 ||| Stepping randomly (stuck).
 44709 | Depths:4 | 44709 ||| Stepping randomly (stuck).
 44710 | Depths:4 | 44710 ||| Stepping randomly (stuck).
 44711 | Depths:4 | 44711 ||| Stepping randomly (stuck).
 44712 | Depths:4 | 44712 ||| Stepping randomly (stuck).
 44713 | Depths:4 | 44713 ||| Stepping randomly (stuck).
 44714 | Depths:4 | 44714 ||| Stepping randomly (stuck).
 44715 | Depths:4 | 44715 ||| Stepping randomly (stuck).
 44716 | Depths:4 | 44716 ||| Stepping randomly (stuck).
 44717 | Depths:4 | 44717 ||| Stepping randomly (stuck).
 44718 | Depths:4 | 44718 ||| Stepping randomly (stuck).
 44719 | Depths:4 | 44719 ||| Stepping randomly (stuck).
 44720 | Depths:4 | 44720 ||| Stepping randomly (stuck).
 44721 | Depths:4 | 44721 ||| Stepping randomly (stuck).
 44722 | Depths:4 | 44722 ||| Stepping randomly (stuck).
 44723 | Depths:4 | 44723 ||| Stepping randomly (stuck).
 44724 | Depths:4 | 44724 ||| Stepping randomly (stuck).
 44725 | Depths:4 | 44725 ||| Stepping randomly (stuck).
 44726 | Depths:4 | 44726 ||| Stepping randomly (stuck).
 44727 | Depths:4 | 44727 ||| Stepping randomly (stuck).
 44728 | Depths:4 | 44728 ||| Stepping randomly (stuck).
 44729 | Depths:4 | 44729 ||| Stepping randomly (stuck).
 44730 | Depths:4 | 44730 ||| Stepping randomly (stuck).
 44731 | Depths:4 | 44731 ||| Stepping randomly (stuck).
 44732 | Depths:4 | 44732 ||| Stepping randomly (stuck).
 44733 | Depths:4 | 44733 ||| Stepping randomly (stuck).
 44734 | Depths:4 | 44734 ||| Stepping randomly (stuck).
 44735 | Depths:4 | 44735 ||| Stepping randomly (stuck).
 44736 | Depths:4 | 44736 ||| Stepping randomly (stuck).
 44737 | Depths:4 | 44737 ||| Stepping randomly (stuck).
 44738 | Depths:4 | 44738 ||| Stepping randomly (stuck).
 44739 | Depths:4 | 44739 ||| Stepping randomly (stuck).
 44740 | Depths:4 | 44740 ||| Stepping randomly (stuck).
 44741 | Depths:4 | 44741 ||| Stepping randomly (stuck).
 44742 | Depths:4 | 44742 ||| Stepping randomly (stuck).
 44743 | Depths:4 | 44743 ||| Stepping randomly (stuck).
 44744 | Depths:4 | 44744 ||| Stepping randomly (stuck).
 44745 | Depths:4 | 44745 ||| Stepping randomly (stuck).
 44746 | Depths:4 | 44746 ||| Stepping randomly (stuck).
 44747 | Depths:4 | 44747 ||| Stepping randomly (stuck).
 44748 | Depths:4 | 44748 ||| Stepping randomly (stuck).
 44749 | Depths:4 | 44749 ||| Stepping randomly (stuck).
 44750 | Depths:4 | 44750 ||| Stepping randomly (stuck).
 44751 | Depths:4 | 44751 ||| Stepping randomly (stuck).
 44752 | Depths:4 | 44752 ||| READING 17 scrolls of teleportation.
 44782 | Depths:4 | 44782 ||| READING 16 scrolls of teleportation.
 44838 | Depths:4 | 44838 ||| READING 15 scrolls of teleportation.
 44840 | Depths:4 | Found a flickering gateway to a bazaar.
 44841 | Depths:4 | 44841 ||| INVOKING Heroism.
 44861 | Depths:4 | 44861 ||| INVOKING Heroism.
 44893 | Depths:4 | 44893 ||| Stepping ~*~*~tactically~*~*~ (stealth).
 44899 | Depths:4 | 44899 ||| Stepping ~*~*~tactically~*~*~ (hiding).
 45006 | Bazaar   | Entered a bazaar
 45006 | Bazaar   | Found Zuycafim's Assorted Antiques.
 45006 | Bazaar   | Found Gooscherph's General Store.
 45006 | Bazaar   | Found Jaypir's Armour Emporium.
 45014 | Bazaar   | 45014 ||| BUYING 2 potions of curing (102 gold).
 45014 | Bazaar   | Bought 2 potions of curing for 102 gold pieces
 45014 | Bazaar   | 45014 ||| BUYING potion of heal wounds (85 gold).
 45014 | Bazaar   | Bought a potion of heal wounds for 85 gold pieces
 45014 | Bazaar   | 45014 ||| BUYING scroll of enchant weapon (127 gold).
 45014 | Bazaar   | Bought a scroll of enchant weapon for 127 gold pieces
 45014 | Bazaar   | 45014 ||| BUYING scroll of teleportation (51 gold).
 45014 | Bazaar   | Bought a scroll of teleportation for 51 gold pieces
 45014 | Bazaar   | 45014 ||| READING scroll of enchant weapon.
 45014 | Bazaar   | 45014 ||| ENCHANTING +8 spectral broad axe.
 45030 | Depths:4 | 45030 ||| PLANNING DEPTHS
 45043 | Depths:4 | Received a gift from Okawaru
 45163 | Depths:4 | 45163 ||| INVOKING Heroism.
 45200 | Depths:4 | Found a gate to the Realm of Zot.
 45206 | Depths:4 | Reached skill level 21 in Shields
 45218 | Depths:4 | 45218 ||| INVOKING Heroism.
 45501 | Depths:4 | 45501 ||| Stepping ~*~*~tactically~*~*~ (stealth).
 45502 | Depths:4 | 45502 ||| Stepping ~*~*~tactically~*~*~ (stealth).
 45560 | Depths:4 | Found a white marble altar of Elyvilon.
 45679 | Depths:4 | Found a one-way gateway to a ziggurat.
 45720 | Depths:4 | 45720 ||| Stepping ~*~*~tactically~*~*~ (stealth).
 45721 | Depths:4 | 45721 ||| Stepping ~*~*~tactically~*~*~ (stealth).
 45853 | Depths:4 | 45853 ||| PLANNING VAULTS:5
 46114 | Vaults:5 | Entered Level 5 of the Vaults
 46119 | Vaults:5 | 46119 ||| STAIRDANCE
 46154 | Vaults:5 | 46154 ||| INVOKING Heroism.
 46155 | Vaults:5 | 46155 ||| INVOKING Finesse.
 46160 | Vaults:5 | Received a gift from Okawaru
 46164 | Vaults:5 | Reached skill level 21 in Fighting
 46164 | Vaults:5 | Received a gift from Okawaru
 46174 | Vaults:5 | Noticed a golden dragon
 46189 | Abyss:3  | Cast into level 3 of the Abyss (a deep elf demonologist)
 46229 | Abyss:3  | 46229 ||| Stepping ~*~*~tactically~*~*~ (stealth).
 46237 | Abyss:3  | 46237 ||| Stepping ~*~*~tactically~*~*~ (stealth).
 46255 | Abyss:3  | 46255 ||| Stepping ~*~*~tactically~*~*~ (stealth).
 46256 | Abyss:3  | 46256 ||| Stepping ~*~*~tactically~*~*~ (stealth).
 46280 | Abyss:3  | Identified the +6 executioner's axe "Yrhiriru" {heavy,
                  | Str+2 Int-2 SInv} (Okawaru gifted it to you on level 3 of
                  | the Abyss)
 46280 | Abyss:3  | Received a gift from Okawaru
 46281 | Abyss:3  | 46281 ||| Stepping ~*~*~tactically~*~*~ (hiding).
 46305 | Abyss:3  | 46305 ||| Stepping ~*~*~tactically~*~*~ (stealth).
 46314 | Abyss:3  | 46314 ||| Stepping ~*~*~tactically~*~*~ (hiding).
 46315 | Abyss:3  | 46315 ||| Stepping ~*~*~tactically~*~*~ (hiding).
 46369 | Abyss:3  | 46369 ||| Stepping ~*~*~tactically~*~*~ (stealth).
 46404 | Abyss:3  | 46404 ||| Stepping ~*~*~tactically~*~*~ (stealth).
 46507 | Abyss:3  | 46507 ||| Stepping ~*~*~tactically~*~*~ (stealth).
 46548 | Abyss:3  | 46548 ||| Stepping ~*~*~tactically~*~*~ (hiding).
 46549 | Abyss:3  | 46549 ||| Stepping ~*~*~tactically~*~*~ (hiding).
 46551 | Abyss:3  | 46551 ||| Stepping ~*~*~tactically~*~*~ (hiding).
 46576 | Abyss:3  | 46576 ||| Stepping ~*~*~tactically~*~*~ (hiding).
 46577 | Abyss:3  | 46577 ||| Stepping ~*~*~tactically~*~*~ (hiding).
 46593 | Abyss:3  | 46593 ||| Stepping ~*~*~tactically~*~*~ (stealth).
 46601 | Abyss:3  | Reached skill level 22 in Fighting
 46640 | Vaults:5 | Escaped the Abyss
 46643 | Vaults:5 | 46643 ||| INVOKING Heroism.
 46644 | Vaults:5 | Noticed an ancient lich
 46644 | Vaults:5 | 46644 ||| INVOKING Finesse.
 46646 | Vaults:5 | Reached XP level 24. HP: 151/168 MP: 23/30
 46663 | Vaults:5 | Killed an ancient lich
 46663 | Vaults:5 | Received a gift from Okawaru
 46679 | Vaults:5 | Identified the +6 kite shield of qw's Action {*Corrode
                  | +Blink Slay+3} (Okawaru gifted it to you on level 5 of the
                  | Vaults)
 46679 | Vaults:5 | Received a gift from Okawaru
 46679 | Vaults:5 | Noticed a dread lich
 46689 | Vaults:5 | Paralysed by a dread lich for 2 turns
 46699 | Vaults:5 | 46699 ||| STAIRDANCE
 46702 | Vaults:4 | Killed a dread lich
 46884 | Vaults:5 | 46884 ||| INVOKING Heroism.
 46891 | Vaults:5 | Reached skill level 23 in Fighting
 46896 | Vaults:5 | 46896 ||| STAIRDANCE
 46984 | Vaults:5 | 46984 ||| INVOKING Heroism.
 46993 | Vaults:5 | Reached skill level 9 in Dodging
 46997 | Abyss:3  | Cast into level 3 of the Abyss (a deep elf sorcerer)
 47039 | Abyss:3  | 47039 ||| INVOKING Finesse.
 47052 | Abyss:3  | HP: 42/171 [lurking horror (11)]
 47053 | Abyss:3  | 47053 ||| READING 16 scrolls of teleportation.
 47059 | Abyss:3  | HP: 36/171 [bone dragon (10)]
 47060 | Abyss:3  | 47060 ||| DRINKING 6 potions of heal wounds.
 47061 | Abyss:3  | 47061 ||| DRINKING 5 potions of heal wounds.
 47419 | Abyss:3  | 47419 ||| Stepping ~*~*~tactically~*~*~ (hiding).
 47423 | Abyss:3  | Gained mutation: You have hidden genetic defects. [a
                  | neqoxec]
 47496 | Abyss:3  | 47496 ||| Stepping ~*~*~tactically~*~*~ (stealth).
 47507 | Abyss:3  | 47507 ||| Stepping ~*~*~tactically~*~*~ (stealth).
 47591 | Abyss:3  | 47591 ||| Stepping ~*~*~tactically~*~*~ (stealth).
 47752 | Abyss:3  | 47752 ||| Stepping ~*~*~tactically~*~*~ (stealth).
 47755 | Abyss:3  | 47755 ||| Stepping ~*~*~tactically~*~*~ (stealth).
 47773 | Abyss:3  | 47773 ||| Stepping ~*~*~tactically~*~*~ (hiding).
 47785 | Abyss:3  | 47785 ||| DRINKING 15 potions of curing.
 47785 | Abyss:3  | 47785 ||| (to cure confusion)
 47790 | Abyss:3  | Received a gift from Okawaru
 47835 | Abyss:3  | Found a corrupted altar of Lugonu.
 47839 | Abyss:3  | 47839 ||| Stepping ~*~*~tactically~*~*~ (stealth).
 47840 | Abyss:3  | 47840 ||| Stepping ~*~*~tactically~*~*~ (stealth).
 47848 | Abyss:3  | Found a corrupted altar of Lugonu.
 47848 | Abyss:3  | Found a corrupted altar of Lugonu.
 47849 | Abyss:3  | 47849 ||| Stepping ~*~*~tactically~*~*~ (hiding).
 47850 | Abyss:3  | 47850 ||| Stepping ~*~*~tactically~*~*~ (hiding).
 47890 | Abyss:3  | 47890 ||| Stepping ~*~*~tactically~*~*~ (stealth).
 47892 | Abyss:3  | 47892 ||| Stepping ~*~*~tactically~*~*~ (hiding).
 47909 | Abyss:3  | 47909 ||| Stepping ~*~*~tactically~*~*~ (hiding).
 47942 | Abyss:3  | 47942 ||| Stepping ~*~*~tactically~*~*~ (stealth).
 47945 | Abyss:3  | 47945 ||| Stepping ~*~*~tactically~*~*~ (stealth).
 47952 | Abyss:3  | 47952 ||| Stepping ~*~*~tactically~*~*~ (stealth).
 47974 | Abyss:3  | 47974 ||| Stepping ~*~*~tactically~*~*~ (hiding).
 47977 | Abyss:3  | 47977 ||| Stepping ~*~*~tactically~*~*~ (hiding).
 47987 | Abyss:3  | 47987 ||| Stepping ~*~*~tactically~*~*~ (stealth).
 48003 | Abyss:3  | 48003 ||| Stepping ~*~*~tactically~*~*~ (stealth).
 48013 | Abyss:3  | 48013 ||| Stepping ~*~*~tactically~*~*~ (stealth).
 48034 | Abyss:3  | Paralysed by accursed screaming for 2 turns
 48039 | Abyss:3  | 48039 ||| INVOKING Heroism.
 48040 | Abyss:3  | 48040 ||| INVOKING Finesse.
 48047 | Abyss:3  | HP: 32/137 [starflower (18)]
 48048 | Abyss:3  | 48048 ||| READING 15 scrolls of teleportation.
 48052 | Abyss:3  | Killed from afar by a starcursed mass

Levels and vault maps discovered:
D:1:      wander_arrival_estate, layout_loops_ring,
          shapermc_ecumenical_altar_ellora
D:2:      minmay_skewed_foursquare, layout_loops_cross, basic_altar,
          minmay_box_of_dots, uniq_jessica, uniq_robin
D:3:      layout_rooms, uniq_terence, uniq_ijyb, uniq_sigmund
D:4:      layout_basic, hellmonk_ghost_happy_afterlife, nrook_loot_triangle,
          grunt_decor_clamped, uniq_eustachio
D:5:      corexii_shack_village, layout_layer_cave, gammafunk_ghost_split,
          uniq_blork_the_orc
D:6:      layout_loops_ring, mainiacjoe_overflow_brackets
D:7:      layout_basic, zin_angel, minmay_temple_entry_proselytizer,
          hangedman_misty_isle
D:8:      layout_cave_pools, cheibriados_altar_1, lair_entry_dummy,
          nzn_ghost_randoct, nicolae_ossuary_entry_catacombs,
          grunt_ministairs_9, glass_columns_b, nicolae_elevator_lobby_asterisk,
          uniq_gastronok
D:9:      layout_gridville, kennysheep_small_circle
D:10:     layout_cave_pools, mainiacjoe_overflow_surrounded_room, uniq_nergalle
D:11:     layout_long_grid
D:12:     layout_loops_cross, zombieorc2_lemuel, uniq_nessos, uniq_josephine
D:13:     layout_roguey
D:14:     layout_stronghold, david_vaults_2, kennysheep_another_room
D:15:     grunt_enter_depths_hoard, layout_stronghold,
          nicolae_qazlal_style_of_elements
Temple:   hc_temple_tempest_star
Lair:1:   layout_layer_cave, st_stairs_11
Lair:2:   layout_cave_pods, minmay_shoals_entry_centaurs
Lair:3:   layout_regular_city, nicolae_spider_entry_lesser_pyramids,
          nicolae_volcano_entry_s_turn, serial_forest,
          infiniplex_forest_lined_1, infiniplex_forest_clump_curved,
          infiniplex_forest_corner_1, infiniplex_forest_corner_1,
          infiniplex_forest_clump_double, infiniplex_forest_lined_4_way,
          infiniplex_forest_lined_4_way, infiniplex_forest_straight_3,
          infiniplex_forest_clump_long, uniq_snorg
Lair:4:   gammafunk_boulding_lane, layout_cave_pods, slime_entry_2,
          gauntlet_entry_generic, minivault_11
Lair:5:   evilmike_catoblepas_cave, layout_regular_city,
          ebering_ghost_rock_garden, dreamdust_mushroom_princess,
          minmay_hedge_maze, chequers_serial_rivers_small_3
Shoals:1: layout_shoals, serial_shops, bzr_entry_dummy
Shoals:2: layout_shoals, nicolae_shoals_isolated_beach
Shoals:3: layout_shoals, serial_shops, shop
Shoals:4: shoals_end_grunt_ice, layout_shoals, shoal_ilsuiw, uniq_louise,
          uniq_donald
Spider:1: layout_cave_pods, drop_trap, hangedman_spider_tarantella_strand
Spider:2: layout_cave_pods
Spider:3: layout_spider_delve, spiders_nest_ghost_moth_duel, uniq_bai_suzhen
Spider:4: spider_rune_water, einodemon_crawler_minivault
Orc:1:    layout_caves, serial_shops, nicolae_shop_trees, uniq_maurice
Orc:2:    st_orc_mages, layout_caves, uniq_azrael, uniq_saint_roka
Vaults:1: v_pattern_1, nicolae_vaults_tetromino_Z_1, v_misc_19,
          hangedman_vaults_stitches, vaults_dpeg_encased_lava,
          nicolae_vaults_more_shelving_2, nicolae_vaults_trapezoid_lopsided_3,
          nicolae_vaults_trapezoid_2, vaults_mumra_hexcomb,
          layout_vaults_omnigrid, serial_shops, bzr_entry_customers
Vaults:2: nicolae_vaults_triangles, v_misc_13, v_misc_14,
          minmay_crypt_entry_simple_box, vaults_dpeg_cross,
          nicolae_vaults_wine_cellar, nicolae_vaults_tetromino_Z_1,
          nicolae_vaults_apartment_1, nicolae_vaults_stepped_doors,
          nicolae_vaults_storage_closets_3, grunt_vaults_funnel, v_misc_28,
          nicolae_vaults_circle_grid_a, ontoclasm_vaults_shuriken,
          nicolae_vaults_tangram_1, layout_vaults_ring
Vaults:3: dpeg_vaults_monster_row, nicolae_vaults_offset_grid_hallway_2,
          nicolae_vaults_big_angled_halls, nicolae_vaults_little_squares_4,
          nicolae_vaults_border_crossing,
          nicolae_vaults_taking_the_gang_shopping, hangedman_vaults_trim,
          nicolae_vaults_tetromino_Z_1, v_misc_16,
          nicolae_vaults_offset_grid_hallway_1, nicolae_vaults_circle_grid_a,
          nicolae_vaults_tetromino_L_2, grunt_vaults_hallway_short,
          layout_vaults_big_room
Vaults:4: portal_desolation_entry_holy_temple, nicolae_vaults_closet_pinwheel_1,
          nicolae_vaults_storage_closets_1, nicolae_vaults_more_shelving_1,
          v_alt_pattern_3, nicolae_vaults_trapezoid_4,
          kennysheep_vaults_gozag_temple, vaults_mumra_hex, v_misc_2, v_misc_28,
          nicolae_vaults_variable_pillar_hall, ontoclasm_vaults_decontamination,
          hangedman_vaults_stretched_pinwheel, v_misc_22, v_misc_23,
          layout_vaults_maze_bifur
Vaults:5
Depths:1: layout_gridlike, chequers_serial_rivers_room_a, grunt_mini_vestibule,
          pan_entry, eat_drink_and_be_merry_uskayaw, nicolae_integral_box,
          minmay_shop_grove, serial_bayou_shore_b
Depths:2: lemuel_river_lethe, hell_entry, pan_entry
Depths:3: evilmike_diamond_2, layout_cave_pools, grunt_hell_entry_dis_grunt,
          abyss_entry, infiniplex_staircase_zigzag_4
Depths:4: grunt_zot_entry_funnels, layout_basic, enter_ziggurat_a,
          pf_coc_iceberg, serial_bayou_shore_b, serial_shops, bzr_entry_islet,
          nicolae_elyvilon_peaceful_grove
Abyss:3:  base: Depths:3, doesnt_abyss_rune_brain_food, evilmike_abyss_exit_9,
          nicolae_abyss_rune_star_stuff, hangedman_shadowy_showcase,
          nicolae_abyss_rune_left_handed, base: Spider:1,
          grunt_abyss_rune_forest_and_sorcery, serial_sigils_hangedman_shear,
          gammafunk_abyss_rune_reverse_zot, evilmike_abyss_exit_10, minivault_5,
          spicy_pingpong_abyss_rune

Skill      XL: |  1  2  3  4  5  6  7  8  9 10 11 12 13 14 15 16 17 18 19 20 21 22 23 24 |
---------------+-------------------------------------------------------------------------+-----
Axes           | 2 3 4 5 7 8 9 10 12 14 16 17 18 | 18.0
Dodging        | 2 3 4 7 8 9 |  9.0
Fighting       | 4 6 8 9 10 11 12 13 15 17 18 19 20 22 23 | 23.8
Throwing       | 1 2 3 5 6 7 8 9 11 | 11.5
Armour         | 4 6 7 8 9 10 11 13 14 16 17 18 20 22 | 22.0
Shields        | 4 5 6 7 8 9 14 18 19 20 21 22 | 22.0
Invocations    | 1 5 7 10 | 10.0

Action                     |  1- 3 |  4- 6 |  7- 9 | 10-12 | 13-15 | 16-18 | 19-21 | 22-24 || total
---------------------------+-------+-------+-------+-------+-------+-------+-------+-------++-------
  Melee: War axe           |    95 |   127 |   276 |   450 |   285 |       |       |       ||  1233
         Broad axe         |       |       |       |       |   746 |  1216 |  1146 |   902 ||  4010
  Throw: Boomerang         |       |    25 |    71 |    40 |    54 |    92 |    82 |   135 ||   499
         Javelin           |       |       |    34 |    35 |   186 |   188 |   147 |    47 ||   637
 Invoke: Heroism           |       |       |     1 |    18 |    23 |    27 |    13 |    20 ||   102
         Finesse           |       |       |       |     2 |    10 |    10 |    12 |    10 ||    44
    Use: Scroll            |     5 |     5 |     9 |     7 |     9 |     3 |     4 |     9 ||    51
         Potion            |     2 |     1 |     3 |     1 |     3 |     4 |     2 |     6 ||    22
   Stab: Distracted        |       |       |       |       |       |       |    22 |    25 ||    47
 Armour: Scale mail        |    47 |    50 |    18 |       |   153 |       |       |       ||   268
         Chain mail        |       |       |   104 |       |       |       |       |       ||   104
         Plate armour      |       |       |    66 |   275 |   285 |   525 |   307 |    38 ||  1496
         Gold dragon scale |       |       |       |       |       |       |       |    33 ||    33
         Crystal plate arm |       |       |       |       |       |       |       |   216 ||   216
  Dodge: Dodged            |    32 |    68 |   107 |   168 |   430 |   404 |   261 |   206 ||  1676
  Block: Buckler           |    16 |    26 |    39 |   105 |   321 |   219 |       |       ||   726
         Reflection        |       |       |       |       |    20 |    43 |    39 |       ||   102
         Tower shield      |       |       |       |       |       |   838 |   928 |   743 ||  2509

Table legend:
 A = Non-vault XP
 B = Vault XP
 C = Vault XP percentage of total XP
 D = Non-vault monster count
 E = Vault monster count
 F = Vault count percentage of total count
                 A         B        C        D         E       F
            +---------+---------+-------+---------+---------+-------
      Total |  471705 |  476366 |  50.2 |    1118 |     745 |  40.0
            +---------+---------+-------+---------+---------+-------
        D:1 |      47 |       0 |   0.0 |      29 |       0 |   0.0
        D:2 |     101 |      82 |  44.8 |      23 |      18 |  43.9
        D:3 |      25 |     282 |  91.9 |      16 |       3 |  15.8
        D:4 |     228 |     197 |  46.4 |      26 |       1 |   3.7
        D:5 |     727 |     101 |  12.2 |      22 |       7 |  24.1
        D:6 |     623 |       0 |   0.0 |      22 |       0 |   0.0
        D:7 |    1387 |     798 |  36.5 |      16 |       7 |  30.4
        D:8 |     927 |    3062 |  76.8 |      16 |      14 |  46.7
        D:9 |    4624 |      41 |   0.9 |      24 |       1 |   4.0
       D:10 |    1769 |     789 |  30.8 |      10 |       1 |   9.1
       D:11 |    3570 |       0 |   0.0 |      14 |       0 |   0.0
       D:12 |    8733 |    3457 |  28.4 |      23 |      41 |  64.1
       D:13 |    2860 |       0 |   0.0 |       6 |       0 |   0.0
       D:14 |    6963 |    2407 |  25.7 |      14 |       3 |  17.6
       D:15 |    4443 |    1775 |  28.5 |       9 |       2 |  18.2
     Lair:1 |    5677 |     694 |  10.9 |      19 |       4 |  17.4
     Lair:2 |    6307 |     335 |   5.0 |      21 |       3 |  12.5
     Lair:3 |    3810 |    2468 |  39.3 |      15 |       5 |  25.0
     Lair:4 |    2175 |       0 |   0.0 |      12 |       0 |   0.0
     Lair:5 |   29504 |   11486 |  28.0 |      71 |      23 |  24.5
   Shoals:1 |   15036 |       0 |   0.0 |      30 |       0 |   0.0
   Shoals:2 |   19322 |    1248 |   6.1 |      39 |       3 |   7.1
   Shoals:3 |   12526 |       0 |   0.0 |      26 |       0 |   0.0
   Shoals:4 |   10500 |   28160 |  72.8 |      24 |      42 |  63.6
   Spider:1 |   12741 |     277 |   2.1 |      38 |       1 |   2.6
   Spider:2 |   16086 |       0 |   0.0 |      40 |       0 |   0.0
   Spider:3 |   14125 |    5676 |  28.7 |      28 |       8 |  22.2
   Spider:4 |   24065 |   24491 |  50.4 |      55 |      51 |  48.1
      Orc:1 |    2267 |     480 |  17.5 |      23 |       1 |   4.2
      Orc:2 |    1326 |   10626 |  88.9 |      14 |      56 |  80.0
   Vaults:1 |   10305 |   10588 |  50.7 |      16 |      20 |  55.6
   Vaults:2 |   36779 |   19471 |  34.6 |      59 |      26 |  30.6
   Vaults:3 |   29995 |   22411 |  42.8 |      54 |      29 |  34.9
   Vaults:4 |   15998 |   48879 |  75.3 |      18 |      49 |  73.1
   Vaults:5 |   26369 |   69256 |  72.4 |      40 |      65 |  61.9
   Depths:1 |   25731 |    7481 |  22.5 |      32 |       7 |  17.9
   Depths:2 |       0 |   92419 | 100.0 |       0 |     113 | 100.0
   Depths:3 |   28646 |   33195 |  53.7 |      34 |      28 |  45.2
   Depths:4 |   43869 |   16335 |  27.1 |      49 |      16 |  24.6
    Abyss:3 |   41519 |   24264 |  36.9 |      91 |      32 |  26.0
 Desolation |       0 |   28819 | 100.0 |       0 |      53 | 100.0
   Gauntlet |       0 |    4316 | 100.0 |       0 |      12 | 100.0
            +---------+---------+-------+---------+---------+-------
